 Dungeon Crawl Stone Soup version 0.31-a0-157-g0643eb4156 (webtiles) character file.

Game seed: 11975917833194042655

785863 qw the Bringer of Light (level 27, -27/199 HPs)
             Began as a Gargoyle Fighter on June 12, 2023.
             Was the Champion of the Shining One.
             Killed from afar by a hellion (31 damage)
             ... with damnation
             ... on level 6 of the Abyss.
             The game lasted 00:55:55 (66686 turns).

qw the Bringer of Light (Gargoyle Fighter)         Turns: 66686, Time: 00:55:56

Health: -27/199    AC: 72    Str: 34      XL:     27
Magic:  27/32      EV: 19    Int: 15      God:    the Shining One [******]
Gold:   4305       SH: 25    Dex: 11 (12) Spells: 26/26 levels left

rFire   + + .        U - +9 broad axe (holy)
rCold   + + .        G - +2 tower shield
rNeg    + + +        B - +8 gold dragon scales
rPois   inf          V - +2 helmet "Peckemin" {+Blink Str+3 Int+7 Dex-2}
rElec   +            i - +2 cloak {Will+}
rCorr   .            z - +2 pair of gloves of the Old World {Rampage rElec rF+}
SInv    .            y - +2 pair of boots {rampage}
Will    ++++.        v - amulet of faith Stlth
                     q - +7 ring of evasion
HPRegen 0.00/turn    l - ring "Moabrad" {rC+ rN+ Will+ Dex+5}
MPRegen 0.23/turn

%: rampage, faith
@: about to teleport, flying, inhibited regen, glowing
A: sickness immunity, AC +20, big wings, negative energy resistance 1,
electricity resistance, torment resistance 1, petrification resistance, dopey 2,
low MP 2, screaming 2, [deterioration 2], [inhibited regeneration], [no potion
heal 2]
}: 5/15 runes: barnacled, slimy, silver, golden, gossamer
a: Renounce Religion, Evoke Blink, Divine Shield, Cleansing Flame, Summon Divine
Warrior


You were on level 6 of the Abyss.
You worshipped the Shining One.
The Shining One was exalted by your worship.
You visited 12 branches of the dungeon, and saw 55 of its levels.
You visited the Abyss 2 times.

You collected 9862 gold pieces.
You spent 5557 gold pieces at shops.


Innate Abilities, Weirdness & Mutations

You are immune to sickness and miasma.
Your stone body is resilient. (AC +20)
You are immune to poison.
Your large and strong wings let you fly.
You resist negative energy. (rN+)
You are resistant to electric shocks. (rElec)
You are resistant to unholy torment.
You are immune to petrification.
You are very dopey. (Int -4)
Your magical capacity is very low. (-20% MP)
You frequently scream uncontrollably at your foes.
[Your body often deteriorates upon taking damage.]
[You do not regenerate when monsters are visible.]
[Potions cannot restore your health.]


   Skills:
 O Level 27 Fighting
 - Level 4.8 Short Blades
 - Level 20.0 Axes
 - Level 13.0 Throwing
 O Level 27 Armour
 - Level 12.4 Dodging
 + Level 24.4 Shields
 O Level 27 Invocations


You had 26 spell levels left.
You didn't know any spells.
Your spell library was empty.

Inventory:

Hand Weapons
 t - the +8 broad axe of Okawaru, Telling {vamp, Fly Str+3}
   (Okawaru gifted it to you on level 5 of the Lair of Beasts)

   Str:       It affects your strength (+3).
   Fly:       It grants you flight.
   The Shining One disapproves of the use of such an item.
 U - a +9 broad axe of holy wrath (weapon)
Armour
 c - the scarf of Fun and Games {+Inv, -Cast rF++ Dex+2}
   (You found it on level 3 of the Tomb of the Ancients)

   Dex:       It affects your dexterity (+2).
   rF:        It greatly protects you from fire.
   -Cast:     It prevents spellcasting.
 i - a +2 cloak of willpower (worn)
 n - a +1 kite shield of resistance
 w - the +9 scales of the Dragon King {rPois rF+ rC+ Will+}
   (You found it on level 3 of the Tomb of the Ancients)

   rF:        It protects you from fire.
   rC:        It protects you from cold.
   rPois:     It protects you from poison.
   Will:      It increases your willpower.
 x - the +0 helmet of Parlour Games {rF+}
   (You found it on level 5 of the Pits of Slime)

   rF:        It protects you from fire.
 y - a +2 pair of boots of rampaging (worn)
 z - the +2 pair of gloves of the Old World (worn) {Rampage rElec rF+}
   (You acquired it on level 10 of the Dungeon)

   rF:        It protects you from fire.
   rElec:     It insulates you from electricity.
   Rampage:   It bestows one free step when moving towards enemies.
 B - +8 gold dragon scales (worn)
 G - a +2 tower shield (worn)
 V - the +2 helmet "Peckemin" (worn) {+Blink Str+3 Int+7 Dex-2}
   (You found it on level 5 of the Vaults)

   Str:       It affects your strength (+3).
   Int:       It affects your intelligence (+7).
   Dex:       It affects your dexterity (-2).
   +Blink:    It lets you blink.
 W - a +6 crystal plate armour
Jewellery
 a - the ring of Okawaru's Reproof {rF+ rN++ Str+3}
   (You found it on level 5 of the Vaults)

   [ring of protection from fire]

   Str:       It affects your strength (+3).
   rF:        It protects you from fire.
   rN:        It greatly protects you from negative energy.
 b - the ring "Quunaw Hilu" {Wiz rC++}
   (You took it off a skeletal warrior on level 3 of the Crypt)

   [ring of wizardry]

   It improves your spell success rate.
   rC:        It greatly protects you from cold.
 l - the ring "Moabrad" (right hand) {rC+ rN+ Will+ Dex+5}
   (You found it on level 7 of the Dungeon)

   [ring of positive energy]

   Dex:       It affects your dexterity (+5).
   rC:        It protects you from cold.
   rN:        It protects you from negative energy.
   Will:      It increases your willpower.
 m - an amulet of reflection
 q - a +7 ring of evasion (left hand)
 u - the amulet of the Princess {Drain rC+ rN+ Regen+ rCorr}
   (You found it on level 3 of the Tomb of the Ancients)

   [amulet of regeneration]

   rC:        It protects you from cold.
   rN:        It protects you from negative energy.
   Regen:     It increases your rate of health regeneration.
   rCorr:     It protects you from acid and corrosion.
   Drain:     It drains your maximum health when unequipped.
 v - an amulet of faith (around neck)
 Y - a +5 ring of evasion
Wands
 I - a wand of digging (14)
Scrolls
 h - 19 scrolls of teleportation
 j - 9 scrolls of identify
 A - 6 scrolls of enchant weapon
Potions
 d - 11 potions of might
 e - 3 potions of resistance
 f - 21 potions of curing
 g - 4 potions of magic
 k - 4 potions of haste
 E - 2 potions of cancellation
 L - 2 potions of mutation

Dungeon Overview and Level Annotations

Branches:
Dungeon (15/15)            Temple (1/1) D:4            Lair (5/5) D:8
 Shoals (4/4) Lair:3       Spider (4/4) Lair:3        Slime (5/5) Lair:4
    Orc (2/2) D:10            Elf (0/3) Orc:2        Vaults (5/5) D:13
  Crypt (3/3) Vaults:2       Tomb (3/3) Crypt:3      Depths (4/4) D:15
    Zot (4/5) Depths:4

Altars:
Ashenzari
Cheibriados
Dithmenos
Elyvilon
Fedhas
Gozag
Hepliaklqana
Kikubaaqudgha
Makhleb
Okawaru
Qazlal
Ru
Sif Muna
Trog
Uskayaw
Vehumet
Wu Jian
Xom
Yredelemnul
Zin
The Shining One
Jiyva
Lugonu

Shops:
Orc:1 (   Orc:2 [(?*   Shoals:1 =   Shoals:3 =   Shoals:4 [   Vaults:1 :
Vaults:2 !   Vaults:4 ?   Depths:1 !   Depths:3 (   Depths:4 ?![[[

Portals:
Hell: Depths:1 Depths:2 Depths:3 Depths:4
Abyss: Lair:5 Depths:1 Depths:2 Depths:3
Pandemonium: Depths:1 Depths:2 Depths:4
Ziggurat: Depths:2
Trove: D:15 (lose all piety)

Annotations:
D:3 3 runed translucent doors, qw's ghost, amateur MiHu
D:6 2 runed translucent doors, 1 transporter, qw's ghost, novice NaHu
D:12 4 transporters
Lair:3 exclusions: 3 culicivoras, jumping spider and redback
Lair:5 2 transporters, qw's ghost, journeyman MiHu
Spider:2 2 transporters
Orc:2 1 runed translucent door, qw's ghost, journeyman GrFi
Depths:3 1 runed translucent door
Zot:3 2 transporters


Message History

Your regeneration stops near monsters.
You hear a bark!
You hear a chilling moan.
You hear a shout!
You hear a roar!
66683 ||| INVOKING Summon Divine Warrior.
You are momentarily dazzled by a brilliant light.
The hellion gestures at you.
The sphere of damnation explodes!
The damnation engulfs you!
The damnation engulfs the neqoxec!!
The smoke demon gestures at you. Something smites you!
You block the neqoxec's attack.
The wretched star pulses with an eldritch light!
Your system partially rejects the healing effects of potions.
Your system completely rejects the healing effects of potions.
Your daeva twists and deforms.
The hellion gestures at you.
The sphere of damnation explodes!
The damnation engulfs you!!
The damnation engulfs the neqoxec!!
The neqoxec dies!
You hear a bark!
You hear an angry squeal.
You hear a roar!
66684 ||| READING 20 scrolls of teleportation.
As you read the scroll of teleportation, it crumbles to dust.
You feel strangely unstable.
You feel the power of the Abyss delaying your translocation!
The smoke demon gestures at you.
The ball of steam hits you but does no damage.
The hellion gestures at you.
The sphere of damnation explodes!
The damnation engulfs you!!
You hear a bark!
You hear a roar!
You hear a shout!
You hear a roar!
You rampage towards the hellion!
You block the smoke demon's attack. x2
The smoke demon hits you but does no damage.
Your daeva calls down the wrath of the Shining One upon the smoke demon.
The smoke demon is smitten.
You see here a very ugly thing corpse.
You slice the smoke demon!!
You kill the smoke demon!
The Shining One accepts your kill.
You feel your power returning.
You hit the hellion.
The hellion convulses.
The hellion gestures at you.
The sphere of damnation explodes!
The damnation engulfs you!!
You die...

####### '#' . ##
#.# .##. ## . #.#
#'#.#.#####
###~###.##}#....
#.}~}.#.#.......
###~###\....#. .#
#%}~}).%@2}##..##
#.#A#*#%.#....#.
#.}~}.#.#..#...##.
###*###.##}.#..#
#.}~} #'# ##.##.
###~# #}# ...#
8#~# ### ¤ .. #
!)\. # ¤ #


You could see a wretched star, a hellion (ally target) and a friendly daeva
(summoned, misshapen).

Vanquished Creatures
  the Royal Jelly (Slime:5)
  4 dread liches
  Mara (Depths:1)
  2 ancient liches
  29 royal mummies
  2 Killer Klowns (Zot:1)
  Parghit (Zot:4)
  Bai Suzhen (Spider:3)
  5 caustic shrikes (Depths:4)
  5 golden dragons
  11 bone dragons
  4 profane servitors
  the Enchantress (Depths:4)
  Arachne (Spider:3)
  A shard shrike zombie (Abyss:5)
  An electric golem (Zot:2)
  5 hellephants
  2 doom hounds (Crypt:3)
  23 tentacled monstrosities
  12 liches
  15 titans
  Grunn (Crypt:3)
  4 quicksilver dragons
  2 walking divine tomes
  5 deep elf blademasters
  8 deep elf master archers
  7 sphinxes
  18 acid blobs
  48 tentacled starspawn
  3 krakens
  4 Executioners (Abyss:5)
  A death cob (Zot:3)
  7 ancient champions
  Roxanne (D:15)
  5 tengu reavers
  Agnes (D:15)
  6 revenants
  6 storm dragons
  7 shadow dragons
  Kirke (Lair:3)
  2 draconian monks
  7 azure jellies
  16 frost giants
  9 rockslimes
  3 iron dragons
  12 vault wardens
  3 draconian knights
  2 deep elf sorcerers (Vaults:5)
  23 fire giants
  5 emperor scorpions (Spider:4)
  5 draconian shifters
  5 draconian scorchers
  A juggernaut zombie (Tomb:3)
  A balrug (Depths:1)
  A curse skull (Crypt:1)
  8 ghost moths
  Louise (D:15)
  2 cacodemons (Abyss:5)
  A caustic shrike zombie (Depths:3)
  3 angels (Abyss:5)
  3 broodmothers
  2 orc warlords
  27 stone giants
  6 draconian annihilators
  36 very ugly things
  4 war gargoyles
  3 draconian stormcallers
  5 spriggan defenders (Depths:4)
  8 ghouls
  14 ironbound preservers
  2 reapers (Abyss:5)
  An ophan (Abyss:5)
  15 quicksilver oozes
  8 formless jellyfish
  12 ironbound thunderhulks
  8 vampire knights
  A caustic shrike skeleton (Abyss:5)
  5 red draconians
  3 lorocyprocas (Abyss:5)
  2 starflowers (Abyss:4)
  27 green draconians
  7 black draconians
  8 bennus
  2 deep elf demonologists
  Nessos (D:12)
  2 deep elf annihilators (Vaults:5)
  8 purple draconians
  9 white draconians
  14 eidola
  5 yellow draconians
  15 dire elephants
  3 blizzard demons
  3 spark wasps
  2 deep elf death magi
  6 jiangshi (Crypt:1)
  9 ettins
  2 merfolk javelineers
  21 mummy priests
  2 quicksilver dragon zombies
  3 crystal guardians
  7 fire dragons
  3 spriggan zombies (Crypt:3)
  Fannar (Lair:1)
  9 ice dragons
  13 great orbs of eyes
  14 merfolk impalers
  2 green deaths (Abyss:5)
  6 entropy weavers
  18 yaktaur captains
  8 ironbound frosthearts
  5 hydras
  11 rakshasas
  A juggernaut simulacrum (Depths:3)
  A caustic shrike simulacrum (Depths:2)
  An ogre mage (Vaults:5)
  Erolcha (D:13)
  7 death knights
  3 peacekeepers
  6 spriggan air magi
  2 spriggan skeletons
  34 vault guards
  A jorogumo (Spider:3)
  3 catoblepae
  Harold (Lair:1)
  A merfolk avatar (Shoals:4)
  An anaconda (shapeshifter) (Vaults:5)
  A fenstrider witch zombie (Crypt:3)
  3 merfolk aquamancers
  A satyr (Shoals:2)
  11 centaur warriors
  7 two-headed ogres
  11 boulder beetles
  9 death yaks
  A boulder beetle (shapeshifter) (Depths:2)
  7 naga warriors
  4 radroaches
  39 death scarabs
  5 tengu warriors
  3 deep troll shamans
  A fenstrider witch skeleton (Tomb:1)
  64 thrashing horrors
  13 demonic crawlers
  22 hell hogs
  4 spriggan berserkers
  A deep troll earth mage (Depths:3)
  3 orc high priests
  9 vampire magi
  A shock serpent (shapeshifter) (Depths:2)
  Urug (Lair:2)
  A titan zombie (Crypt:3)
  Sonja (Orc:1)
  8 hell knights
  4 deep elf knights
  7 soul eaters
  49 wretched stars
  4 sun demons (Abyss:5)
  7 iron trolls
  2 fire crabs (shapeshifter) (Depths:2)
  9 pharaoh ants
  A sun moth (Spider:4)
  2 salamander mystics (Depths:4)
  A storm dragon skeleton (Depths:2)
  5 skysharks
  13 glowing orange brains
  4 sixfirhies
  5 spatial maelstroms
  A death drake (Abyss:6)
  3 shadow wraiths
  A sea snake (shapeshifter) (Depths:2)
  12 sea snakes
  A shadow demon (Abyss:4)
  40 skeletal warriors
  5 bog bodies
  9 flayed ghosts
  An orb spider (shapeshifter) (Depths:2)
  A glowing orange brain (shapeshifter) (Depths:2)
  A deep troll (shapeshifter) (Vaults:5)
  26 phantasmal warriors
  An anaconda zombie (Tomb:3)
  A swamp dragon (shapeshifter) (Depths:2)
  30 deep trolls
  8 deep elf archers
  A shadow dragon zombie (Crypt:1)
  29 harpies
  18 ironbound convokers
  5 lindwurms
  A golden dragon skeleton (Depths:3)
  13 orb spiders
  3 deep elf pyromancers
  4 deep elf zephyrmancers
  A tengu zombie (Depths:3)
  4 wizards
  Pikel (D:4)
  4 steelbarb worms (Spider:4)
  11 necromancers
  4 orc knights
  A frost giant zombie (Vaults:5)
  21 wolf spiders
  2 orc sorcerers
  3 will-o-the-wisps (Abyss:5)
  13 manticores
  8 salamanders
  A manticore (shapeshifter) (Depths:2)
  A shining eye (shapeshifter) (Vaults:5)
  37 ugly things
  A mana viper (Abyss:4)
  15 moths of wrath
  11 fauns
  9 worldbinders
  16 cyclopes
  2 stone giant zombies
  A tengu skeleton (Depths:2)
  2 sphinx skeletons (Depths:3)
  A draconian zombie (Crypt:3)
  2 iron dragon skeletons
  7 shining eyes
  25 elephants
  2 eyes of devastation
  3 naga magi
  10 merfolk sirens
  14 vault sentinels
  2 black mambas (Lair:2)
  6 apocalypse crabs
  6 guardian serpents
  A dire elephant zombie (Crypt:3)
  Maggie (Lair:1)
  15 cane toads
  A stone giant skeleton (Tomb:2)
  3 centaur zombies
  A torpor snail (Spider:3)
  A torpor snail (shapeshifter) (Abyss:5)
  4 unseen horrors
  32 smoke demons
  An eye of devastation (shapeshifter) (Vaults:5)
  A storm dragon simulacrum (Depths:3)
  7 water nymphs
  A minotaur zombie (Tomb:1)
  A gargoyle (D:12)
  A rust devil (Depths:4)
  3 orange demons
  5 hellions
  A centaur skeleton (Crypt:1)
  A yaktaur (shapeshifter) (Depths:2)
  3 rime drakes
  23 yaktaurs
  18 freezing wraiths
  4 tengu conjurers (Depths:3)
  4 efreet (Abyss:5)
  5 tormentors
  A purple draconian skeleton (Crypt:1)
  8 catoblepas skeletons (Abyss:6)
  12 komodo dragons
  A hydra zombie (Crypt:2)
  42 guardian mummies
  4 ice devils
  An iron troll zombie (Crypt:2)
  A pale draconian skeleton (Crypt:2)
  A komodo dragon (shapeshifter) (Vaults:5)
  A red draconian skeleton (Crypt:1)
  An anaconda simulacrum (Crypt:1)
  36 ancient zymes
  9 meliai
  5 harpy zombies
  7 hornets
  A merfolk (shapeshifter) (Depths:2)
  6 wind drakes
  4 hellwings (Abyss:5)
  2 harpy skeletons
  A hornet (shapeshifter) (Depths:2)
  A troll (shapeshifter) (D:13)
  3 polar bears
  A wolf spider simulacrum (D:15)
  2 tarantellas (shapeshifter) (Depths:2)
  20 merfolk
  40 blink frogs
  22 tarantellas
  11 trolls
  A hydra skeleton (Crypt:2)
  A dream sheep (shapeshifter) (Depths:2)
  A fire giant simulacrum (Depths:3)
  An ettin zombie (Crypt:1)
  11 snapping turtles
  19 dream sheep
  89 raiju
  2 slime creatures (shapeshifter)
  31 jumping spiders
  A centaur simulacrum (D:14)
  An iron dragon simulacrum (Depths:3)
  85 slime creatures
  Sigmund (D:2)
  An ice dragon skeleton (Crypt:1)
  An elf skeleton (Vaults:5)
  2 ettin skeletons
  17 wraiths
  13 water elementals
  A deep troll skeleton (Vaults:5)
  53 flying skulls
  8 spriggans
  5 wyverns
  A human (shapeshifter) (Abyss:4)
  20 culicivoras
  21 ynoxinuls
  4 shadows
  36 yaks
  13 ushabtiu
  5 vampires
  2 humans (Lair:3)
  2 steam dragons
  3 hogs (Lair:3)
  10 golden eyes
  7 basilisks
  A fire elemental (Abyss:5)
  15 chaos spawn
  16 neqoxecs
  9 vampire mosquitoes
  54 redbacks
  2 wargs (shapeshifter)
  A redback (shapeshifter) (Abyss:5)
  3 acid dragons
  A harpy simulacrum (Abyss:5)
  Edmund (D:5)
  Menkaure (D:7)
  An acid dragon (shapeshifter) (D:13)
  A naga zombie (Crypt:3)
  2 two-headed ogre zombies (D:10)
  3 wargs (Orc:2)
  10 nagas
  5 hell hounds (Abyss:4)
  5 spatial vortices
  12 water moccasins
  4 human skeletons
  A glowing shapeshifter skeleton (Crypt:1)
  A black bear (shapeshifter) (Depths:2)
  2 sky beasts (D:7)
  An ice beast (D:8)
  36 small abominations
  A meliai simulacrum (D:15)
  109 large abominations
  25 orc warriors
  2 black bears
  A demonspawn skeleton (Crypt:1)
  A swamp dragon zombie (Crypt:1)
  6 boggarts
  13 centaurs
  6 ogres
  A snapping turtle skeleton (Crypt:2)
  22 wolves
  A phantom (D:10)
  2 kobold brigands
  7 necrophages (Crypt:3)
  2 rime drake skeletons (Crypt:2)
  A gnoll sergeant (D:12)
  11 bullfrogs
  A salamander skeleton (Crypt:1)
  A komodo dragon skeleton (Crypt:2)
  8 earth elementals
  2 scorpions
  11 wights
  A queen bee zombie (Crypt:2)
  7 wyvern skeletons (Crypt:3)
  7 killer bees
  2 troll zombies (D:10)
  2 howler monkeys
  2 vampire bats (D:4)
  2 electric eels
  A quasit (Abyss:2)
  2 gnoll boudas
  8 hounds
  15 jellies
  2 human zombies (Crypt:1)
  19 orc priests
  An iron imp (Abyss:4)
  152 starcursed masses
  4 sleepcaps
  Jessica (D:3)
  7 iguanas
  31 orc wizards
  4 ogre zombies (D:10)
  46 mummies
  6 gnolls
  9 adders
  A swamp drake zombie (Crypt:1)
  A shadow imp (Abyss:4)
  2 white imps
  5 ufetubi
  A worm (D:2)
  2 dart slugs
  73 orcs
  7 ball pythons
  3 bat skeletons (D:4)
  2 bat zombies (D:4)
  6 endoplasms
  5 goblins
  8 hobgoblins
  4 jackals (D:5)
  7 quokkas
  6 bats
  4 frilled lizards
  2 goblin skeletons (D:10)
  A goblin zombie (D:10)
  2 hobgoblin zombies (D:10)
  14 kobolds
  4 orc skeletons (D:10)
  16 orc zombies (D:10)
  10 rats
  A river rat skeleton (Crypt:1)
  2 butterflies (Lair:2)
  6 lurking horrors
  48 starspawn tentacles
  8 tentacles
3507 creatures vanquished.

Vanquished Creatures (collateral kills)
  A dread lich (Abyss:4)
  8 royal mummies
  A profane servitor (Abyss:5)
  A pearl dragon (Abyss:5)
  A hellephant (Abyss:4)
  2 titans
  A deep elf master archer (Crypt:3)
  4 liches
  A deep elf blademaster (Crypt:3)
  An ancient champion (Tomb:3)
  7 tentacled starspawn
  A ghoul (Crypt:3)
  A caustic shrike skeleton (Abyss:5)
  An ophan (Abyss:4)
  2 bennus (Tomb:3)
  2 green deaths
  A great orb of eyes (Abyss:5)
  5 mummy priests
  A spriggan zombie (Crypt:3)
  A death knight (Crypt:3)
  A demonic crawler (Abyss:5)
  28 death scarabs
  2 naga warriors (Abyss:5)
  9 thrashing horrors
  A hell knight (Abyss:5)
  6 skeletal warriors
  A deep elf knight (Tomb:2)
  3 wretched stars (Abyss:5)
  A titan skeleton (Tomb:3)
  A glowing orange brain (Abyss:5)
  An orb spider (Abyss:5)
  2 deep elf archers
  13 large abominations
  2 phantasmal warriors (Crypt:3)
  A deep elf pyromancer (Tomb:2)
  A deep elf zephyrmancer (Tomb:1)
  A will-o-the-wisp (Abyss:5)
  2 salamanders (Abyss:5)
  3 worldbinders (Abyss:5)
  2 guardian serpents (Abyss:5)
  2 alligator snapping turtle zombies (Crypt:3)
  2 apocalypse crabs (Abyss:5)
  A naga mage (Abyss:5)
  5 smoke demons (Abyss:5)
  An orange demon (Abyss:5)
  A centaur skeleton (Tomb:2)
  An efreet (Abyss:5)
  An unseen horror (Abyss:5)
  2 tormentors (Abyss:5)
  A freezing wraith (Crypt:3)
  3 ancient zymes
  A catoblepas skeleton (Abyss:6)
  9 guardian mummies
  22 raiju
  2 blink frogs (Abyss:5)
  11 flying skulls
  3 ushabtiu
  A neqoxec (Abyss:5)
  A small abomination (Abyss:5)
  A naga (Abyss:5)
  6 necrophages (Crypt:3)
  An earth elemental (Abyss:5)
  2 wyvern skeletons (Crypt:3)
  A jelly (Abyss:5)
  7 starcursed masses (Abyss:5)
  9 mummies
  A lurking horror (Abyss:5)
  11 starspawn tentacles
233 creatures vanquished.

Vanquished Creatures (others)
  A fire giant (Depths:3)
  A frost giant (Crypt:3)
  A broodmother (Spider:3)
  2 draconian stormcallers
  An angel (Abyss:5)
  A red draconian (Zot:2)
  A spriggan berserker (Depths:4)
  2 thrashing horrors (Abyss:5)
  2 wretched stars (Abyss:5)
  A wizard (Vaults:4)
  A worldbinder (Abyss:5)
  2 orange demons (Zot:4)
  An ice devil (Depths:1)
  An ancient zyme (Abyss:5)
  3 raiju (Abyss:5)
  2 large abominations (Abyss:5)
  A shadow (Abyss:5)
  A chaos spawn (Abyss:5)
  A starcursed mass (Abyss:5)
  A neqoxec (Abyss:6)
  3 small abominations (Abyss:5)
  24 foxfires (Abyss:5)
  9 lurking horrors (Abyss:5)
  99 starspawn tentacles
  12 tentacles
174 creatures vanquished.

Grand Total: 3914 creatures vanquished

Notes
Turn   | Place    | Note
-------+----------+-------------------------------------------
     0 | D:1      | qw the Gargoyle Fighter began the quest for the Orb.
     0 | D:1      | Reached XP level 1. HP: 14/14 MP: 1/1
     0 | D:1      | 0 ||| qw: Version: 0.2-a-29-gc1b59c4
     0 | D:1      | 0 ||| qw: Game counter: 4129
     0 | D:1      | 0 ||| qw: Always use a shield: true
     0 | D:1      | 0 ||| qw: God list: Okawaru
     0 | D:1      | 0 ||| qw: Allow faded altars: false
     0 | D:1      | 0 ||| qw: Do Orc after D:15 true
     0 | D:1      | 0 ||| qw: Do second Lair branch before Depths: true
     0 | D:1      | 0 ||| qw: Lair rune preference: random
     0 | D:1      | 0 ||| qw: Plans: Normal, Zot:1-4, Slime:5, God:TSO, Crypt,
                  | Tomb, Abyss, Pan, Hells, Win
     0 | D:1      | 0 ||| PLANNING D:1-11
    79 | D:1      | 79 ||| Stepping ~*~*~tactically~*~*~ (stealth).
   172 | D:1      | Reached XP level 2. HP: 19/19 MP: 2/2
   252 | D:1      | 252 ||| Stepping ~*~*~tactically~*~*~ (stealth).
   458 | D:1      | 458 ||| UPGRADING to amulet of regeneration.
   463 | D:1      | 463 ||| DROPPING ring of magical power.
   464 | D:1      | 464 ||| UPGRADING to +6 ring of dexterity.
   465 | D:1      | 465 ||| READING scroll labelled JUDUOW QOOS.
   466 | D:1      | 466 ||| READING 2 scrolls labelled OJONUT SAER.
   467 | D:1      | 467 ||| DRINKING 2 smoky green potions.
   666 | D:2      | Reached skill level 3 in Axes
   670 | D:2      | Found a hazy altar of Hepliaklqana.
   674 | D:2      | Noticed Sigmund
   675 | D:2      | 675 ||| Stepping ~*~*~tactically~*~*~ (hiding).
   676 | D:2      | 676 ||| Stepping ~*~*~tactically~*~*~ (hiding).
   684 | D:2      | Killed Sigmund
   685 | D:2      | Reached skill level 3 in Dodging
   685 | D:2      | Reached XP level 3. HP: 23/23 MP: 3/3
   685 | D:2      | Reached XP level 4. HP: 28/28 MP: 4/4
   685 | D:2      | Reached XP level 5. HP: 32/32 MP: 5/5
   833 | D:2      | Found a faded altar of an unknown god.
   844 | D:2      | 844 ||| Stepping ~*~*~tactically~*~*~ (stealth).
   867 | D:2      | 867 ||| Stepping ~*~*~tactically~*~*~ (hiding).
  1151 | D:2      | 1151 ||| DROPPING +0 club.
  1327 | D:2      | Reached XP level 6. HP: 37/37 MP: 6/6
  1434 | D:2      | 1434 ||| UPGRADING to ring of willpower.
  1435 | D:2      | 1435 ||| READING scroll labelled MIDA GYBEAMPE.
  1439 | D:2      | 1439 ||| READING scroll labelled ZIDY COOMEKA.
  1440 | D:2      | 1440 ||| DRINKING 2 fuming cyan potions.
  1441 | D:2      | 1441 ||| DRINKING potion of curing.
  1441 | D:2      | 1441 ||| (to cure confusion)
  1442 | D:2      | 1442 ||| READING 2 scrolls of identify.
  1442 | D:2      | 1442 ||| IDENTIFYING coppery potion
  1443 | D:2      | 1443 ||| DROPPING potion of ambrosia.
  1481 | D:3      | Noticed Jessica
  1486 | D:3      | Killed Jessica
  1526 | D:3      | Found an opulent altar of Gozag.
  1585 | D:3      | Found a runed translucent gate.
  1586 | D:3      | Found a runed translucent gate.
  1586 | D:3      | Noticed qw's ghost (amateur MiHu)
  1587 | D:3      | Found a runed translucent gate.
  1928 | D:3      | 1928 ||| READING scroll labelled LUUKLA JOSU.
  2079 | D:4      | Found an ancient bone altar of Kikubaaqudgha.
  2176 | D:4      | 2176 ||| READING scroll of enchant weapon.
  2176 | D:4      | 2176 ||| ENCHANTING +1 heavy war axe.
  2235 | D:4      | Reached XP level 7. HP: 41/41 MP: 7/7
  2266 | D:4      | 2266 ||| Stepping ~*~*~tactically~*~*~ (hiding).
  2269 | D:4      | 2269 ||| Stepping ~*~*~tactically~*~*~ (hiding).
  2272 | D:4      | 2272 ||| Stepping ~*~*~tactically~*~*~ (hiding).
  2416 | D:4      | Found a staircase to the Ecumenical Temple.
  2417 | D:4      | 2417 ||| PLANNING TEMPLE
  2417 | D:4      | 2417 ||| UPGRADING to +0 chain mail.
  2427 | D:4      | 2427 ||| DROPPING +0 scale mail.
  2428 | D:4      | 2428 ||| DROPPING +6 ring of intelligence.
  2429 | D:4      | 2429 ||| READING scroll labelled JOUKOICW XOPT.
  2430 | D:4      | 2430 ||| READING scroll labelled PERAOF IFFAYG.
  2431 | D:4      | 2431 ||| READING 2 scrolls of identify.
  2431 | D:4      | 2431 ||| IDENTIFYING bubbling emerald potion
  2438 | Temple   | Entered the Ecumenical Temple
  2642 | Temple   | 2642 ||| PLANNING D:1-11
  2685 | D:4      | 2685 ||| READING 2 scrolls of teleportation.
  2685 | D:4      | HP: 8/43 [acid (7)]
  2686 | D:4      | 2686 ||| DRINKING potion of heal wounds.
  2817 | D:4      | Found an iron altar of Okawaru.
  2818 | D:4      | 2818 ||| PLANNING OKAWARU WORSHIP
  2818 | D:4      | 2818 ||| UPGRADING to +0 plate armour.
  2828 | D:4      | 2828 ||| DROPPING +0 chain mail.
  2833 | D:4      | Became a worshipper of Warmaster Okawaru
  2833 | D:4      | 2833 ||| PLANNING D:1-11
  2928 | D:4      | 2928 ||| Stepping ~*~*~tactically~*~*~ (stealth).
  3085 | D:4      | Noticed Pikel
  3095 | D:4      | Killed Pikel
  3095 | D:4      | Reached * piety under Okawaru
  3096 | D:4      | Reached XP level 8. HP: 48/48 MP: 8/8
  3278 | D:5      | Entered Level 5 of the Dungeon
  3289 | D:5      | Noticed Edmund
  3290 | D:5      | 3290 ||| INVOKING Heroism.
  3300 | D:5      | 3300 ||| INVOKING Heroism.
  3303 | D:5      | Killed Edmund
  3326 | D:5      | 3326 ||| DROPPING +0 mace.
  3327 | D:5      | 3327 ||| Stepping ~*~*~tactically~*~*~ (stealth).
  3337 | D:5      | Reached skill level 1 in Invocations
  3375 | D:5      | 3375 ||| INVOKING Heroism.
  3573 | D:5      | 3573 ||| INVOKING Heroism.
  3585 | D:5      | 3585 ||| FLEEEEING.
  3586 | D:5      | 3586 ||| FLEEEEING.
  3587 | D:5      | 3587 ||| FLEEEEING.
  3588 | D:5      | 3588 ||| FLEEEEING.
  3589 | D:5      | 3589 ||| FLEEEEING.
  3590 | D:5      | 3590 ||| FLEEEEING.
  3651 | D:5      | 3651 ||| INVOKING Heroism.
  3655 | D:5      | 3655 ||| Stepping ~*~*~tactically~*~*~ (stealth).
  3667 | D:5      | Reached skill level 3 in Invocations
  3667 | D:5      | Reached XP level 9. HP: 54/54 MP: 9/11
  3763 | D:5      | 3763 ||| Stepping ~*~*~tactically~*~*~ (stealth).
  3771 | D:5      | Reached skill level 6 in Fighting
  3775 | D:5      | 3775 ||| INVOKING Heroism.
  3780 | D:5      | Reached ** piety under Okawaru
  3822 | D:5      | Found a blossoming altar of Fedhas.
  3907 | D:5      | 3907 ||| Stepping ~*~*~tactically~*~*~ (hiding).
  3908 | D:5      | 3908 ||| INVOKING Heroism.
  3913 | D:5      | 3913 ||| Stepping ~*~*~tactically~*~*~ (hiding).
  3923 | D:5      | 3923 ||| INVOKING Heroism.
  3926 | D:5      | Reached skill level 9 in Axes
  4372 | D:5      | 4372 ||| UPGRADING to +5 ring of evasion.
  4374 | D:5      | 4374 ||| READING scroll labelled FELEAN JYISTAD.
  4375 | D:5      | 4375 ||| READING 3 scrolls of identify.
  4375 | D:5      | 4375 ||| IDENTIFYING sedimented white potion
  4376 | D:5      | 4376 ||| READING 2 scrolls of identify.
  4376 | D:5      | 4376 ||| IDENTIFYING murky white potion
  4718 | D:6      | 4718 ||| Stepping ~*~*~tactically~*~*~ (hiding).
  4719 | D:6      | 4719 ||| INVOKING Heroism.
  4848 | D:6      | Identified the +0 ring mail of the Barracuda {rF+ rN+
                  | Slay+2}
  4860 | D:6      | 4860 ||| Stepping ~*~*~tactically~*~*~ (hiding).
  4866 | D:6      | 4866 ||| INVOKING Heroism.
  4875 | D:6      | 4875 ||| Stepping ~*~*~tactically~*~*~ (stealth).
  4879 | D:6      | 4879 ||| Stepping ~*~*~tactically~*~*~ (stealth).
  4905 | D:6      | 4905 ||| INVOKING Heroism.
  4910 | D:6      | 4910 ||| DRINKING potion of curing.
  4910 | D:6      | 4910 ||| (to cure confusion)
  4953 | D:6      | Found a glowing golden altar of the Shining One.
  4976 | D:6      | Found a large runed translucent door.
  4977 | D:6      | Found a large runed translucent door.
  5008 | D:6      | Found a broken altar of Ashenzari.
  5150 | D:6      | 5150 ||| INVOKING Heroism.
  5215 | D:6      | 5215 ||| Stepping ~*~*~tactically~*~*~ (hiding).
  5218 | D:6      | 5218 ||| Stepping ~*~*~tactically~*~*~ (hiding).
  5250 | D:6      | 5250 ||| Stepping ~*~*~tactically~*~*~ (stealth).
  5254 | D:6      | Found a transporter.
  5255 | D:6      | 5255 ||| INVOKING Heroism.
  5256 | D:6      | Noticed qw's ghost (novice NaHu)
  5256 | D:6      | Found the Hermit's Pendant {Faith Invo=14 Evo=0 MP+5}
  5259 | D:6      | Identified the +7 great mace of Pappag {freeze, rElec rF+
                  | Str+3 Dex+3}
  5259 | D:6      | Identified the +3 great mace of Quiescent Innocence {heavy,
                  | Int+4}
  5259 | D:6      | Noticed a two-headed ogre
  5422 | D:6      | 5422 ||| DROPPING +2 chain mail of willpower.
  5423 | D:6      | 5423 ||| UPGRADING to +0 cloak.
  5428 | D:6      | 5428 ||| READING scroll labelled OSUIMP EFIREK.
  5429 | D:6      | 5429 ||| READING 2 scrolls of identify.
  5429 | D:6      | 5429 ||| IDENTIFYING bubbling grey potion
  5430 | D:6      | 5430 ||| DROPPING potion of invisibility.
  5470 | D:7      | 5470 ||| STAIRDANCE
  5474 | D:6      | Reached XP level 10. HP: 53/63 MP: 13/13
  5583 | D:7      | Identified the +2 ring mail "Ireush" {rPois Str+3 Dex-2}
  5597 | D:7      | Reached skill level 6 in Armour
  5753 | D:7      | 5753 ||| Stepping ~*~*~tactically~*~*~ (stealth).
  5769 | D:7      | Noticed Menkaure
  5770 | D:7      | 5770 ||| INVOKING Heroism.
  5776 | D:7      | Killed Menkaure
  6006 | D:7      | Identified the ring "Moabrad" {rC+ rN+ Will+ Dex+5}
  6171 | D:7      | 6171 ||| Stepping ~*~*~tactically~*~*~ (stealth).
  6226 | D:7      | 6226 ||| UPGRADING to ring "Moabrad" {rC+ rN+ Will+ Dex+5}.
  6228 | D:7      | 6228 ||| UPGRADING to +5 ring of evasion.
  6230 | D:7      | 6230 ||| DROPPING ring of willpower.
  6231 | D:7      | 6231 ||| READING scroll labelled TAJURA DOMO.
  6375 | D:8      | 6375 ||| Stepping ~*~*~tactically~*~*~ (stealth).
  6392 | D:8      | 6392 ||| Stepping ~*~*~tactically~*~*~ (stealth).
  6393 | D:8      | 6393 ||| Stepping ~*~*~tactically~*~*~ (stealth).
  6449 | D:8      | 6449 ||| READING scroll of enchant weapon.
  6449 | D:8      | 6449 ||| ENCHANTING +2 heavy war axe.
  6451 | D:8      | 6451 ||| INVOKING Heroism.
  6468 | D:8      | 6468 ||| DROPPING +4 heavy flail.
  6678 | D:8      | 6678 ||| Stepping ~*~*~tactically~*~*~ (stealth).
  6701 | D:8      | 6701 ||| Stepping ~*~*~tactically~*~*~ (hiding).
  6702 | D:8      | 6702 ||| Stepping ~*~*~tactically~*~*~ (hiding).
  6703 | D:8      | 6703 ||| INVOKING Heroism.
  6757 | D:8      | Noticed a death yak
  6758 | D:8      | 6758 ||| INVOKING Heroism.
  6762 | D:8      | Killed a death yak
  6768 | D:8      | 6768 ||| Stepping ~*~*~tactically~*~*~ (cloud).
  6782 | D:8      | Found a staircase to the Lair.
  6782 | D:8      | Noticed a death yak
  6783 | D:8      | 6783 ||| INVOKING Heroism.
  6783 | D:8      | Noticed a death yak
  6785 | D:8      | Noticed a death yak
  6789 | D:8      | Noticed a death yak
  6795 | D:8      | Killed a death yak
  6795 | D:8      | Reached *** piety under Okawaru
  6796 | D:8      | Reached skill level 6 in Shields
  6798 | D:8      | Killed a death yak
  6799 | D:8      | Reached XP level 11. HP: 57/69 MP: 14/14
  6802 | D:8      | Killed a death yak
  6802 | D:8      | Reached **** piety under Okawaru
  6804 | D:8      | Killed a death yak
  6918 | D:8      | 6918 ||| READING scroll of brand weapon.
  6918 | D:8      | 6918 ||| BRANDING +3 heavy war axe.
  7070 | D:8      | 7070 ||| PLANNING LAIR
  7070 | D:8      | 7070 ||| READING scroll labelled NIFAPL ZOOJUOSO.
  7071 | D:8      | 7071 ||| DRINKING 2 viscous purple potions.
  7097 | Lair:1   | Entered Level 1 of the Lair of Beasts
  7102 | Lair:1   | 7102 ||| Stepping ~*~*~tactically~*~*~ (stealth).
  7104 | Lair:1   | 7104 ||| Stepping ~*~*~tactically~*~*~ (stealth).
  7114 | Lair:1   | 7114 ||| INVOKING Heroism.
  7128 | Lair:1   | Received a gift from Okawaru
  7129 | Lair:1   | Reached skill level 9 in Fighting
  7215 | Lair:1   | 7215 ||| INVOKING Heroism.
  7223 | Lair:1   | Reached skill level 6 in Invocations
  7263 | Lair:1   | Noticed Harold
  7264 | Lair:1   | 7264 ||| INVOKING Heroism.
  7277 | Lair:1   | Killed Harold
  7278 | Lair:1   | Reached skill level 1 in Throwing
  7288 | Lair:1   | Noticed Fannar
  7290 | Lair:1   | Reached ***** piety under Okawaru
  7311 | Lair:1   | 7311 ||| INVOKING Heroism.
  7318 | Lair:1   | Killed Fannar
  7319 | Lair:1   | Reached XP level 12. HP: 35/76 MP: 14/18
  7432 | Lair:1   | 7432 ||| READING scroll of enchant weapon.
  7432 | Lair:1   | 7432 ||| ENCHANTING +3 war axe of venom.
  7501 | Lair:1   | Noticed Maggie
  7510 | Lair:1   | 7510 ||| INVOKING Heroism.
  7512 | Lair:1   | Killed Maggie
  7580 | Lair:1   | Reached skill level 12 in Axes
  8116 | Lair:1   | 8116 ||| UPGRADING to amulet of faith.
  8126 | Lair:1   | 8126 ||| READING scroll labelled RAUNKOD KUJOAK.
  8127 | Lair:1   | 8127 ||| READING 3 scrolls of identify.
  8127 | Lair:1   | 8127 ||| IDENTIFYING blue potion
  8160 | Lair:2   | 8160 ||| Stepping ~*~*~tactically~*~*~ (stealth).
  8165 | Lair:2   | 8165 ||| INVOKING Heroism.
  8168 | Lair:2   | Reached skill level 9 in Invocations
  8182 | Lair:2   | Reached skill level 3 in Throwing
  8343 | Lair:2   | Noticed Urug
  8344 | Lair:2   | 8344 ||| Stepping ~*~*~tactically~*~*~ (hiding).
  8346 | Lair:2   | 8346 ||| Stepping ~*~*~tactically~*~*~ (hiding).
  8348 | Lair:2   | 8348 ||| INVOKING Heroism.
  8349 | Lair:2   | 8349 ||| INVOKING Finesse.
  8361 | Lair:2   | Killed Urug
  8406 | Lair:2   | 8406 ||| INVOKING Heroism.
  8419 | Lair:2   | Received a gift from Okawaru
  8570 | Lair:2   | 8570 ||| INVOKING Heroism.
  9115 | Lair:2   | 9115 ||| UPGRADING to +1 pair of gloves of stealth.
  9163 | Lair:3   | 9163 ||| INVOKING Heroism.
  9235 | Lair:3   | 9235 ||| Stepping ~*~*~tactically~*~*~ (stealth).
  9236 | Lair:3   | 9236 ||| Stepping ~*~*~tactically~*~*~ (stealth).
  9239 | Lair:3   | 9239 ||| Stepping ~*~*~tactically~*~*~ (stealth).
  9240 | Lair:3   | 9240 ||| Stepping ~*~*~tactically~*~*~ (stealth).
  9250 | Lair:3   | Reached skill level 9 in Armour
  9254 | Lair:3   | 9254 ||| INVOKING Heroism.
  9400 | Lair:3   | Noticed Kirke
  9401 | Lair:3   | 9401 ||| INVOKING Heroism.
  9402 | Lair:3   | 9402 ||| INVOKING Finesse.
  9410 | Lair:3   | Reached XP level 13. HP: 63/82 MP: 12/20
  9416 | Lair:3   | Killed Kirke
  9811 | Lair:3   | 9811 ||| INVOKING Heroism.
  9906 | Lair:3   | 9906 ||| INVOKING Heroism.
  9931 | Lair:3   | Received a gift from Okawaru
  9942 | Lair:3   | 9942 ||| INVOKING Heroism.
  9943 | Lair:3   | HP: 18/82 [barbs]
  9944 | Lair:3   | 9944 ||| READING 5 scrolls of teleportation.
  9945 | Lair:3   | 9945 ||| DRINKING potion of heal wounds.
  9951 | Lair:3   | HP: 14/82 [barbs]
 10038 | Lair:3   | 10038 ||| INVOKING Heroism.
 10224 | Lair:3   | Found a staircase to the Shoals.
 10314 | Lair:3   | 10314 ||| Stepping ~*~*~tactically~*~*~ (hiding).
 10319 | Lair:3   | 10319 ||| INVOKING Heroism.
 10485 | Lair:3   | Found a hole to the Spider Nest.
 10564 | Lair:3   | 10564 ||| Stepping ~*~*~tactically~*~*~ (stealth).
 10714 | Lair:3   | 10714 ||| INVOKING Heroism.
 10930 | Lair:3   | 10930 ||| Stepping ~*~*~tactically~*~*~ (stealth).
 10932 | Lair:3   | 10932 ||| Stepping ~*~*~tactically~*~*~ (stealth).
 10934 | Lair:3   | 10934 ||| Stepping ~*~*~tactically~*~*~ (hiding).
 10941 | Lair:3   | 10941 ||| INVOKING Heroism.
 11024 | Lair:3   | 11024 ||| Stepping ~*~*~tactically~*~*~ (hiding).
 11133 | Lair:3   | 11133 ||| Stepping ~*~*~tactically~*~*~ (stealth).
 11209 | Lair:3   | 11209 ||| Stepping ~*~*~tactically~*~*~ (stealth).
 11210 | Lair:3   | 11210 ||| Stepping ~*~*~tactically~*~*~ (stealth).
 11256 | Lair:4   | Found a staircase to the Slime Pits.
 11262 | Lair:4   | 11262 ||| READING scroll of enchant weapon.
 11262 | Lair:4   | 11262 ||| ENCHANTING +4 war axe of venom.
 11275 | Lair:4   | 11275 ||| FLEEEEING.
 11277 | Lair:4   | 11277 ||| FLEEEEING.
 11278 | Lair:4   | 11278 ||| FLEEEEING.
 11279 | Lair:4   | 11279 ||| FLEEEEING.
 11280 | Lair:4   | 11280 ||| FLEEEEING.
 11281 | Lair:4   | 11281 ||| FLEEEEING.
 11309 | Lair:4   | 11309 ||| INVOKING Heroism.
 11476 | Lair:4   | 11476 ||| INVOKING Heroism.
 11531 | Lair:4   | 11531 ||| INVOKING Heroism.
 11717 | Lair:4   | 11717 ||| Stepping ~*~*~tactically~*~*~ (stealth).
 11728 | Lair:4   | 11728 ||| INVOKING Heroism.
 11778 | Lair:4   | 11778 ||| FLEEEEING.
 11780 | Lair:4   | 11780 ||| Stepping ~*~*~tactically~*~*~ (stealth).
 11844 | Lair:4   | 11844 ||| Stepping ~*~*~tactically~*~*~ (stealth).
 11845 | Lair:4   | 11845 ||| Stepping ~*~*~tactically~*~*~ (stealth).
 11847 | Lair:4   | 11847 ||| Stepping ~*~*~tactically~*~*~ (stealth).
 11848 | Lair:4   | 11848 ||| INVOKING Heroism.
 11860 | Lair:4   | 11860 ||| Stepping ~*~*~tactically~*~*~ (stealth).
 11861 | Lair:4   | 11861 ||| Stepping ~*~*~tactically~*~*~ (stealth).
 11862 | Lair:4   | 11862 ||| Stepping ~*~*~tactically~*~*~ (stealth).
 12416 | Lair:5   | Entered Level 5 of the Lair of Beasts
 12431 | Lair:5   | 12431 ||| Stepping ~*~*~tactically~*~*~ (stealth).
 12441 | Lair:5   | Received a gift from Okawaru
 12456 | Lair:5   | 12456 ||| INVOKING Heroism.
 12459 | Lair:5   | 12459 ||| Stepping ~*~*~tactically~*~*~ (stealth).
 12487 | Lair:5   | 12487 ||| INVOKING Heroism.
 12490 | Lair:5   | 12490 ||| FLEEEEING.
 12491 | Lair:5   | 12491 ||| FLEEEEING.
 12492 | Lair:5   | 12492 ||| FLEEEEING.
 12493 | Lair:5   | 12493 ||| FLEEEEING.
 12495 | Lair:5   | 12495 ||| STAIRDANCE
 12641 | Lair:5   | 12641 ||| INVOKING Heroism.
 12675 | Lair:5   | 12675 ||| Stepping ~*~*~tactically~*~*~ (stealth).
 12676 | Lair:5   | 12676 ||| Stepping ~*~*~tactically~*~*~ (stealth).
 12682 | Lair:5   | Gained mutation: Your large and strong wings let you fly.
                  | [Gargoyle growth]
 12682 | Lair:5   | Reached XP level 14. HP: 90/90 MP: 21/21
 12684 | Lair:5   | 12684 ||| Stepping ~*~*~tactically~*~*~ (stealth).
 12686 | Lair:5   | 12686 ||| Stepping ~*~*~tactically~*~*~ (stealth).
 12715 | Lair:5   | Identified the +8 broad axe of Okawaru, Telling {vamp, Fly
                  | Str+3} (Okawaru gifted it to you on level 5 of the Lair of
                  | Beasts)
 12715 | Lair:5   | Received a gift from Okawaru
 12716 | Lair:5   | Reached skill level 15 in Axes
 12749 | Lair:5   | 12749 ||| SWAPPING to +8 broad axe of Okawaru, Telling
                  | {vamp, Fly Str+3}.
 12782 | Lair:5   | 12782 ||| INVOKING Heroism.
 12783 | Lair:5   | 12783 ||| INVOKING Finesse.
 12788 | Lair:5   | 12788 ||| SWAPPING to +0 morningstar.
 12798 | Lair:5   | 12798 ||| SWAPPING to +8 broad axe of Okawaru, Telling
                  | {vamp, Fly Str+3}.
 12855 | Lair:5   | 12855 ||| INVOKING Heroism.
 12856 | Lair:5   | 12856 ||| INVOKING Finesse.
 12860 | Lair:5   | 12860 ||| SWAPPING to +0 morningstar.
 12870 | Lair:5   | 12870 ||| SWAPPING to +8 broad axe of Okawaru, Telling
                  | {vamp, Fly Str+3}.
 12957 | Lair:5   | 12957 ||| Stepping ~*~*~tactically~*~*~ (hiding).
 12961 | Lair:5   | 12961 ||| Stepping ~*~*~tactically~*~*~ (hiding).
 13078 | Lair:5   | 13078 ||| INVOKING Heroism.
 13091 | Lair:5   | Reached skill level 12 in Fighting
 13113 | Lair:5   | 13113 ||| INVOKING Finesse.
 13114 | Lair:5   | 13114 ||| SWAPPING to +0 morningstar.
 13123 | Lair:5   | 13123 ||| SWAPPING to +8 broad axe of Okawaru, Telling
                  | {vamp, Fly Str+3}.
 13184 | Lair:5   | 13184 ||| Stepping ~*~*~tactically~*~*~ (stealth).
 13186 | Lair:5   | 13186 ||| Stepping ~*~*~tactically~*~*~ (stealth).
 13187 | Lair:5   | 13187 ||| Stepping ~*~*~tactically~*~*~ (stealth).
 13253 | Lair:5   | 13253 ||| Stepping ~*~*~tactically~*~*~ (stealth).
 13254 | Lair:5   | 13254 ||| Stepping ~*~*~tactically~*~*~ (stealth).
 13257 | Lair:5   | 13257 ||| INVOKING Heroism.
 13260 | Lair:5   | 13260 ||| Stepping ~*~*~tactically~*~*~ (stealth).
 13267 | Lair:5   | 13267 ||| SWAPPING to +0 morningstar.
 13282 | Lair:5   | 13282 ||| SWAPPING to +8 broad axe of Okawaru, Telling
                  | {vamp, Fly Str+3}.
 13333 | Lair:5   | 13333 ||| Stepping ~*~*~tactically~*~*~ (stealth).
 13334 | Lair:5   | 13334 ||| Stepping ~*~*~tactically~*~*~ (stealth).
 13335 | Lair:5   | 13335 ||| Stepping ~*~*~tactically~*~*~ (stealth).
 13336 | Lair:5   | 13336 ||| Stepping ~*~*~tactically~*~*~ (stealth).
 13338 | Lair:5   | 13338 ||| Stepping ~*~*~tactically~*~*~ (stealth).
 13428 | Lair:5   | 13428 ||| Stepping ~*~*~tactically~*~*~ (stealth).
 13459 | Lair:5   | 13459 ||| Stepping ~*~*~tactically~*~*~ (stealth).
 13460 | Lair:5   | 13460 ||| Stepping ~*~*~tactically~*~*~ (stealth).
 13468 | Lair:5   | 13468 ||| Stepping ~*~*~tactically~*~*~ (stealth).
 13505 | Lair:5   | 13505 ||| INVOKING Heroism.
 13506 | Lair:5   | 13506 ||| INVOKING Finesse.
 13519 | Lair:5   | Received a gift from Okawaru
 13543 | Lair:5   | Noticed a dire elephant
 13544 | Lair:5   | 13544 ||| Stepping ~*~*~tactically~*~*~ (stealth).
 13565 | Lair:5   | 13565 ||| INVOKING Finesse.
 13569 | Lair:5   | 13569 ||| INVOKING Heroism.
 13623 | Lair:5   | Killed a dire elephant
 13667 | Lair:5   | Identified the +0 plate armour of Rotation {rF+ rC- Dex+2
                  | Slay+6}
 13701 | Lair:5   | 13701 ||| INVOKING Heroism.
 13986 | Lair:5   | Found a one-way gate to the infinite horrors of the Abyss.
 13986 | Lair:5   | Noticed qw's ghost (journeyman MiHu)
 13999 | Lair:5   | Found a transporter.
 14012 | Lair:5   | Found a transporter.
 14023 | Lair:5   | 14023 ||| PLANNING D:1-11
 14023 | Lair:5   | 14023 ||| UPGRADING to +0 helmet.
 14028 | Lair:5   | 14028 ||| UPGRADING to +0 plate armour of Rotation {rF+ rC-
                  | Dex+2 Slay+6}.
 14163 | D:9      | Identified the +5 spear of Impatience {freeze, Drain rElec
                  | Dex+9} (Okawaru gifted it to you on level 9 of the Dungeon)
 14163 | D:9      | Received a gift from Okawaru
 14191 | D:9      | 14191 ||| Stepping ~*~*~tactically~*~*~ (hiding).
 14200 | D:9      | 14200 ||| Stepping ~*~*~tactically~*~*~ (hiding).
 14371 | D:9      | 14371 ||| Stepping ~*~*~tactically~*~*~ (hiding).
 14376 | D:9      | 14376 ||| Stepping ~*~*~tactically~*~*~ (hiding).
 14384 | D:9      | 14384 ||| Stepping ~*~*~tactically~*~*~ (hiding).
 14552 | D:9      | 14552 ||| Stepping ~*~*~tactically~*~*~ (hiding).
 14558 | D:9      | 14558 ||| Stepping ~*~*~tactically~*~*~ (hiding).
 14560 | D:9      | 14560 ||| Stepping ~*~*~tactically~*~*~ (hiding).
 14561 | D:9      | 14561 ||| Stepping ~*~*~tactically~*~*~ (hiding).
 14589 | D:9      | 14589 ||| Stepping ~*~*~tactically~*~*~ (stealth).
 14599 | D:9      | 14599 ||| Stepping ~*~*~tactically~*~*~ (stealth).
 14614 | D:9      | Found a bloodstained altar of Trog.
 14809 | D:9      | 14809 ||| DROPPING +6 ring of dexterity.
 14823 | D:10     | Entered Level 10 of the Dungeon
 14936 | D:10     | 14936 ||| Stepping ~*~*~tactically~*~*~ (stealth).
 14999 | D:10     | 14999 ||| Stepping ~*~*~tactically~*~*~ (stealth).
 15069 | D:10     | 15069 ||| Stepping ~*~*~tactically~*~*~ (hiding).
 15461 | D:10     | 15461 ||| Stepping ~*~*~tactically~*~*~ (stealth).
 15482 | D:10     | 15482 ||| Stepping ~*~*~tactically~*~*~ (stealth).
 15507 | D:10     | Found a staircase to the Orcish Mines.
 15766 | D:10     | 15766 ||| READING scroll labelled EPESEUCEIF.
 15766 | D:10     | Identified a scroll of acquirement
 15766 | D:10     | 15766 ||| ACQUIRING +2 pair of gloves of the Old World
                  | {Rampage rElec rF+}
 15766 | D:10     | Acquired the +2 pair of gloves of the Old World {Rampage
                  | rElec rF+}
 15768 | D:10     | 15768 ||| UPGRADING to +2 pair of gloves of the Old World
                  | {Rampage rElec rF+}.
 15778 | D:10     | 15778 ||| DROPPING +1 pair of gloves of stealth.
 15779 | D:10     | 15779 ||| READING 4 scrolls of identify.
 15779 | D:10     | 15779 ||| IDENTIFYING fuming red potion
 15780 | D:10     | 15780 ||| DROPPING potion of degeneration.
 16154 | D:11     | Received a gift from Okawaru
 16169 | D:11     | Reached XP level 15. HP: 96/96 MP: 22/22
 16435 | D:11     | 16435 ||| PLANNING D
 16435 | D:11     | 16435 ||| READING 5 scrolls of identify.
 16435 | D:11     | 16435 ||| IDENTIFYING emerald potion
 16436 | D:11     | 16436 ||| DROPPING potion of enlightenment.
 16509 | D:12     | Found a transporter.
 16535 | D:12     | Found a transporter.
 16538 | D:12     | Found a transporter.
 16542 | D:12     | Found a transporter.
 16566 | D:12     | Noticed Nessos
 16567 | D:12     | 16567 ||| INVOKING Finesse.
 16585 | D:12     | 16585 ||| Stepping ~*~*~tactically~*~*~ (hiding).
 16586 | D:12     | 16586 ||| Stepping ~*~*~tactically~*~*~ (hiding).
 16589 | D:12     | 16589 ||| INVOKING Heroism.
 16591 | D:12     | Killed Nessos
 16642 | D:12     | 16642 ||| Stepping ~*~*~tactically~*~*~ (hiding).
 16643 | D:12     | 16643 ||| Stepping ~*~*~tactically~*~*~ (hiding).
 16764 | D:12     | 16764 ||| Stepping ~*~*~tactically~*~*~ (stealth).
 16767 | D:12     | 16767 ||| INVOKING Heroism.
 16795 | D:12     | HP: 12/96 [skeletal warrior/+0 flail (19)]
 16796 | D:12     | 16796 ||| READING 7 scrolls of teleportation.
 16802 | D:12     | 16802 ||| INVOKING Heroism.
 16803 | D:12     | 16803 ||| READING 6 scrolls of teleportation.
 16805 | D:12     | HP: 12/96 [skeletal warrior/+0 trident (3)]
 16828 | D:12     | 16828 ||| INVOKING Heroism.
 16832 | D:12     | 16832 ||| READING 5 scrolls of teleportation.
 17197 | D:12     | Received a gift from Okawaru
 17238 | D:12     | 17238 ||| Stepping ~*~*~tactically~*~*~ (stealth).
 17244 | D:12     | Reached skill level 12 in Armour
 17298 | D:12     | 17298 ||| DROPPING orb of mayhem.
 17299 | D:12     | 17299 ||| DROPPING ring of ice.
 17306 | D:12     | 17306 ||| Stepping ~*~*~tactically~*~*~ (stealth).
 17341 | D:12     | Reached skill level 6 in Throwing
 17378 | D:12     | 17378 ||| Stepping ~*~*~tactically~*~*~ (hiding).
 17507 | D:12     | 17507 ||| Stepping ~*~*~tactically~*~*~ (stealth).
 17518 | D:12     | Identified the staff of poison "Plog" {rElec rPois Str+5}
 17612 | D:12     | 17612 ||| DROPPING +1 flail of draining.
 17740 | D:13     | 17740 ||| Stepping ~*~*~tactically~*~*~ (hiding).
 17991 | D:13     | Noticed Erolcha
 17998 | D:13     | Killed Erolcha
 18053 | D:13     | Found a gate to the Vaults.
 18054 | D:13     | 18054 ||| Stepping ~*~*~tactically~*~*~ (hiding).
 18055 | D:13     | 18055 ||| Stepping ~*~*~tactically~*~*~ (hiding).
 18064 | D:13     | Reached ****** piety under Okawaru
 18067 | D:13     | 18067 ||| INVOKING Heroism.
 18068 | D:13     | 18068 ||| INVOKING Finesse.
 18077 | D:13     | 18077 ||| SWAPPING to +0 morningstar.
 18087 | D:13     | Received a gift from Okawaru
 18088 | D:13     | 18088 ||| SWAPPING to +8 broad axe of Okawaru, Telling
                  | {vamp, Fly Str+3}.
 18265 | D:13     | 18265 ||| UPGRADING to +0 kite shield.
 18275 | D:13     | 18275 ||| DROPPING +0 buckler.
 18276 | D:13     | 18276 ||| READING 7 scrolls of identify.
 18276 | D:13     | 18276 ||| IDENTIFYING red potion
 18277 | D:13     | 18277 ||| DROPPING potion of berserk rage.
 18294 | D:14     | 18294 ||| INVOKING Heroism.
 18297 | D:14     | Received a gift from Okawaru
 18297 | D:14     | Found the +16 obsidian axe {drain, demonic, Mesm Drain Fly
                  | SInv}
 18330 | D:14     | Reached skill level 9 in Shields
 18476 | D:14     | 18476 ||| INVOKING Heroism.
 18477 | D:14     | 18477 ||| Stepping ~*~*~tactically~*~*~ (stealth).
 18562 | D:14     | 18562 ||| INVOKING Heroism.
 18576 | D:14     | Received a gift from Okawaru
 18577 | D:14     | Reached XP level 16. HP: 102/102 MP: 23/23
 18578 | D:14     | 18578 ||| DROPPING +5 war axe of venom.
 19068 | D:14     | 19068 ||| DROPPING +0 chain mail of poison resistance.
 19096 | D:15     | Entered Level 15 of the Dungeon
 19097 | D:15     | 19097 ||| INVOKING Heroism.
 19098 | D:15     | 19098 ||| INVOKING Finesse.
 19099 | D:15     | 19099 ||| SWAPPING to +0 morningstar.
 19105 | D:15     | 19105 ||| SWAPPING to +8 broad axe of Okawaru, Telling
                  | {vamp, Fly Str+3}.
 19110 | D:15     | 19110 ||| Stepping ~*~*~tactically~*~*~ (hiding).
 19113 | D:15     | 19113 ||| SWAPPING to +0 morningstar.
 19114 | D:15     | 19114 ||| Stepping ~*~*~tactically~*~*~ (outnumbered).
 19115 | D:15     | 19115 ||| SWAPPING to +8 broad axe of Okawaru, Telling
                  | {vamp, Fly Str+3}.
 19120 | D:15     | 19120 ||| Stepping ~*~*~tactically~*~*~ (hiding).
 19176 | D:15     | 19176 ||| Stepping ~*~*~tactically~*~*~ (stealth).
 19298 | D:15     | Identified Roxanne's Atlas of Oromancy
 19298 | D:15     | Noticed Roxanne
 19299 | D:15     | 19299 ||| INVOKING Heroism.
 19300 | D:15     | 19300 ||| INVOKING Finesse.
 19319 | D:15     | Killed Roxanne
 19356 | D:15     | Found a portal to a secret trove of treasure.
 19381 | D:15     | Noticed Louise
 19382 | D:15     | 19382 ||| Stepping ~*~*~tactically~*~*~ (hiding).
 19384 | D:15     | 19384 ||| INVOKING Heroism.
 19385 | D:15     | 19385 ||| INVOKING Finesse.
 19401 | D:15     | Killed Louise
 19434 | D:15     | 19434 ||| DROPPING +0 morningstar.
 19567 | D:15     | Noticed Agnes
 19568 | D:15     | 19568 ||| INVOKING Heroism.
 19569 | D:15     | 19569 ||| INVOKING Finesse.
 19579 | D:15     | Killed Agnes
 19580 | D:15     | Reached skill level 12 in Shields
 19620 | D:15     | Found a staircase to the Depths.
 19763 | D:15     | 19763 ||| PLANNING ORC
 19763 | D:15     | 19763 ||| UPGRADING to +2 tower shield.
 19773 | D:15     | 19773 ||| DROPPING +0 kite shield.
 19885 | Orc:1    | Entered Level 1 of the Orcish Mines
 19886 | Orc:1    | 19886 ||| Stepping ~*~*~tactically~*~*~ (hiding).
 19888 | Orc:1    | 19888 ||| Stepping ~*~*~tactically~*~*~ (hiding).
 19889 | Orc:1    | 19889 ||| Stepping ~*~*~tactically~*~*~ (hiding).
 19992 | Orc:1    | 19992 ||| Stepping ~*~*~tactically~*~*~ (stealth).
 20061 | Orc:2    | Entered Level 2 of the Orcish Mines
 20072 | Orc:1    | Noticed Sonja
 20073 | Orc:1    | 20073 ||| INVOKING Finesse.
 20086 | Orc:1    | Killed Sonja
 20121 | Orc:1    | 20121 ||| INVOKING Heroism.
 20132 | Orc:1    | Received a gift from Okawaru
 20190 | Orc:1    | 20190 ||| Stepping ~*~*~tactically~*~*~ (stealth).
 20192 | Orc:1    | 20192 ||| Stepping ~*~*~tactically~*~*~ (stealth).
 20194 | Orc:1    | 20194 ||| Stepping ~*~*~tactically~*~*~ (hiding).
 20229 | Orc:1    | Found Zinikyis's Weapon Emporium.
 20364 | Orc:2    | Found a staircase to the Elven Halls.
 20413 | Orc:2    | 20413 ||| Stepping ~*~*~tactically~*~*~ (hiding).
 20420 | Orc:2    | 20420 ||| INVOKING Heroism.
 20424 | Orc:2    | Found Uzajeorch's Assorted Antiques.
 20429 | Orc:2    | 20429 ||| Stepping ~*~*~tactically~*~*~ (stealth).
 20446 | Orc:2    | 20446 ||| Stepping ~*~*~tactically~*~*~ (stealth).
 20480 | Orc:2    | 20480 ||| BUYING potion of attraction (78 gold).
 20480 | Orc:2    | Bought a potion of attraction for 78 gold pieces
 20480 | Orc:2    | 20480 ||| BUYING potion of might (104 gold).
 20480 | Orc:2    | Bought a potion of might for 104 gold pieces
 20480 | Orc:2    | 20480 ||| BUYING scroll labelled HIHOFA LOP LAUJEOC (26
                  | gold).
 20480 | Orc:2    | Bought a scroll labelled HIHOFA LOP LAUJEOC for 26 gold
                  | pieces
 20712 | Orc:2    | 20712 ||| Stepping ~*~*~tactically~*~*~ (hiding).
 20713 | Orc:2    | 20713 ||| Stepping ~*~*~tactically~*~*~ (hiding).
 20720 | Orc:2    | Found Wiymm's Magic Scroll Shop.
 20738 | Orc:2    | 20738 ||| BUYING scroll of enchant weapon (97 gold).
 20738 | Orc:2    | Bought a scroll of enchant weapon for 97 gold pieces
 20738 | Orc:2    | 20738 ||| BUYING scroll of enchant weapon (97 gold).
 20738 | Orc:2    | Bought a scroll of enchant weapon for 97 gold pieces
 20738 | Orc:2    | 20738 ||| BUYING scroll of enchant weapon (97 gold).
 20738 | Orc:2    | Bought a scroll of enchant weapon for 97 gold pieces
 20738 | Orc:2    | 20738 ||| BUYING scroll of teleportation (39 gold).
 20738 | Orc:2    | Bought a scroll of teleportation for 39 gold pieces
 20738 | Orc:2    | 20738 ||| BUYING scroll of teleportation (39 gold).
 20738 | Orc:2    | Bought a scroll of teleportation for 39 gold pieces
 20843 | Orc:2    | Found a runed translucent door.
 20844 | Orc:2    | Noticed qw's ghost (journeyman GrFi)
 21015 | Orc:2    | 21015 ||| INVOKING Heroism.
 21038 | Orc:2    | Received a gift from Okawaru
 21074 | Orc:2    | Found Etaoraul's Antique Armour Emporium.
 21078 | Orc:2    | Found Xarouf's Antique Weapon Shoppe.
 21090 | Orc:2    | 21090 ||| BUYING pair of boots (103 gold).
 21090 | Orc:2    | Bought a pair of boots for 103 gold pieces
 21090 | Orc:2    | 21090 ||| BUYING shiny helmet (172 gold).
 21090 | Orc:2    | Bought a shiny helmet for 172 gold pieces
 21133 | Orc:2    | 21133 ||| Stepping ~*~*~tactically~*~*~ (hiding).
 21285 | Orc:2    | 21285 ||| PLANNING SPIDER:1-3
 21285 | Orc:2    | 21285 ||| UPGRADING to +0 pair of boots.
 21290 | Orc:2    | 21290 ||| UPGRADING to +1 helmet of see invisible.
 21300 | Orc:2    | 21300 ||| DROPPING +0 helmet.
 21301 | Orc:2    | 21301 ||| READING scroll labelled HIHOFA LOP LAUJEOC.
 21597 | Spider:1 | Entered Level 1 of the Spider Nest
 21603 | Spider:1 | 21603 ||| Stepping ~*~*~tactically~*~*~ (stealth).
 21604 | Spider:1 | 21604 ||| Stepping ~*~*~tactically~*~*~ (stealth).
 21720 | Spider:1 | 21720 ||| INVOKING Heroism.
 21965 | Spider:1 | 21965 ||| INVOKING Heroism.
 22189 | Spider:1 | 22189 ||| INVOKING Finesse.
 22297 | Spider:1 | 22297 ||| Stepping ~*~*~tactically~*~*~ (stealth).
 22316 | Spider:1 | 22316 ||| Stepping ~*~*~tactically~*~*~ (stealth).
 22441 | Spider:1 | 22441 ||| INVOKING Finesse.
 22863 | Spider:1 | 22863 ||| UPGRADING to +2 pair of boots of rampaging.
 22873 | Spider:1 | 22873 ||| DROPPING +0 pair of boots.
 22874 | Spider:1 | 22874 ||| DROPPING amulet of the acrobat.
 22875 | Spider:1 | 22875 ||| READING scroll labelled KIMOTE HUGA.
 22927 | Spider:2 | 22927 ||| STAIRDANCE
 22929 | Spider:1 | Received a gift from Okawaru
 22930 | Spider:1 | Reached skill level 15 in Shields
 22994 | Spider:2 | 22994 ||| Stepping ~*~*~tactically~*~*~ (stealth).
 22997 | Spider:2 | 22997 ||| INVOKING Finesse.
 23023 | Spider:2 | 23023 ||| DRINKING potion of cancellation.
 23071 | Spider:2 | Found a transporter.
 23100 | Spider:2 | 23100 ||| Stepping ~*~*~tactically~*~*~ (stealth).
 23104 | Spider:2 | 23104 ||| Stepping ~*~*~tactically~*~*~ (stealth).
 23109 | Spider:2 | 23109 ||| INVOKING Heroism.
 23110 | Spider:2 | 23110 ||| DRINKING 9 potions of curing.
 23110 | Spider:2 | 23110 ||| (to cure confusion)
 23115 | Spider:2 | 23115 ||| INVOKING Finesse.
 23200 | Spider:2 | 23200 ||| INVOKING Heroism.
 23201 | Spider:2 | Received a gift from Okawaru
 23214 | Spider:2 | Reached XP level 17. HP: 48/107 MP: 24/24
 23401 | Spider:2 | Found a transporter.
 23475 | Spider:2 | 23475 ||| READING scroll labelled UMEOS IVVOFFEI.
 23476 | Spider:2 | 23476 ||| READING scroll labelled UDAUTA RETUFEM.
 23523 | Spider:3 | 23523 ||| INVOKING Heroism.
 23612 | Spider:3 | 23612 ||| Stepping ~*~*~tactically~*~*~ (hiding).
 23613 | Spider:3 | 23613 ||| Stepping ~*~*~tactically~*~*~ (hiding).
 23628 | Spider:3 | 23628 ||| INVOKING Heroism.
 23631 | Spider:3 | Received a gift from Okawaru
 23754 | Spider:3 | Noticed Arachne
 23764 | Spider:3 | Noticed Bai Suzhen
 23765 | Spider:3 | 23765 ||| INVOKING Heroism.
 23772 | Spider:3 | Killed Arachne
 23778 | Spider:3 | 23778 ||| SWAPPING to +1 morningstar of holy wrath.
 23785 | Spider:3 | HP: 14/107 [eight-headed hydra collision (19)]
 23786 | Spider:3 | 23786 ||| READING 11 scrolls of teleportation.
 23787 | Spider:3 | 23787 ||| DRINKING 4 potions of heal wounds.
 23788 | Spider:3 | 23788 ||| DRINKING 3 potions of heal wounds.
 23789 | Spider:3 | 23789 ||| SWAPPING to +8 broad axe of Okawaru, Telling
                  | {vamp, Fly Str+3}.
 23894 | Spider:3 | 23894 ||| Stepping ~*~*~tactically~*~*~ (stealth).
 23896 | Spider:3 | 23896 ||| Stepping ~*~*~tactically~*~*~ (hiding).
 23899 | Spider:3 | 23899 ||| Stepping ~*~*~tactically~*~*~ (hiding).
 23901 | Spider:3 | 23901 ||| INVOKING Heroism.
 23910 | Spider:3 | Killed Bai Suzhen
 23910 | Spider:3 | Received a gift from Okawaru
 23911 | Spider:3 | 23911 ||| Stepping ~*~*~tactically~*~*~ (cloud).
 23914 | Spider:3 | 23914 ||| Stepping ~*~*~tactically~*~*~ (stealth).
 23975 | Spider:3 | 23975 ||| DROPPING +1 morningstar of holy wrath.
 23976 | Spider:3 | 23976 ||| DROPPING +1 flail of holy wrath.
 24024 | Spider:3 | 24024 ||| INVOKING Heroism.
 24025 | Spider:3 | 24025 ||| Stepping ~*~*~tactically~*~*~ (stealth).
 24033 | Spider:3 | 24033 ||| Stepping ~*~*~tactically~*~*~ (stealth).
 24036 | Spider:3 | 24036 ||| Stepping ~*~*~tactically~*~*~ (stealth).
 24043 | Spider:3 | 24043 ||| Stepping ~*~*~tactically~*~*~ (stealth).
 24044 | Spider:3 | 24044 ||| Stepping ~*~*~tactically~*~*~ (stealth).
 24114 | Spider:3 | 24114 ||| Stepping ~*~*~tactically~*~*~ (stealth).
 24115 | Spider:3 | 24115 ||| Stepping ~*~*~tactically~*~*~ (stealth).
 24121 | Spider:3 | Received a gift from Okawaru
 24133 | Spider:3 | 24133 ||| INVOKING Heroism.
 24221 | Spider:3 | 24221 ||| Stepping ~*~*~tactically~*~*~ (stealth).
 24223 | Spider:3 | 24223 ||| Stepping ~*~*~tactically~*~*~ (hiding).
 24224 | Spider:3 | 24224 ||| INVOKING Heroism.
 24255 | Spider:3 | 24255 ||| Stepping ~*~*~tactically~*~*~ (stealth).
 24261 | Spider:3 | 24261 ||| Stepping ~*~*~tactically~*~*~ (hiding).
 24939 | Spider:3 | 24939 ||| INVOKING Heroism.
 25009 | Spider:3 | Received a gift from Okawaru
 25255 | Spider:3 | 25255 ||| PLANNING SHOALS:1-3
 25255 | Spider:3 | 25255 ||| READING 12 scrolls of identify.
 25255 | Spider:3 | 25255 ||| IDENTIFYING dark potion
 25256 | Spider:3 | 25256 ||| DRINKING potion of experience.
 25256 | Spider:3 | Reached XP level 18. HP: 114/114 MP: 25/25
 25257 | Spider:3 | 25257 ||| DROPPING +2 hand axe of flaming.
 25258 | Spider:3 | 25258 ||| READING 11 scrolls of identify.
 25258 | Spider:3 | 25258 ||| IDENTIFYING puce potion
 25259 | Spider:3 | 25259 ||| READING 10 scrolls of identify.
 25259 | Spider:3 | 25259 ||| IDENTIFYING golden potion
 25260 | Spider:3 | 25260 ||| DROPPING potion of brilliance.
 25430 | Shoals:1 | Entered Level 1 of the Shoals
 25431 | Shoals:1 | 25431 ||| INVOKING Heroism.
 25466 | Shoals:1 | 25466 ||| INVOKING Heroism.
 25528 | Shoals:1 | 25528 ||| Stepping ~*~*~tactically~*~*~ (hiding).
 25529 | Shoals:1 | 25529 ||| Stepping ~*~*~tactically~*~*~ (hiding).
 25530 | Shoals:1 | 25530 ||| Stepping ~*~*~tactically~*~*~ (hiding).
 25531 | Shoals:1 | 25531 ||| Stepping ~*~*~tactically~*~*~ (hiding).
 25572 | Shoals:1 | 25572 ||| INVOKING Heroism.
 25637 | Shoals:1 | 25637 ||| INVOKING Heroism.
 25641 | Shoals:1 | 25641 ||| Stepping ~*~*~tactically~*~*~ (cloud).
 25642 | Shoals:1 | 25642 ||| Stepping ~*~*~tactically~*~*~ (cloud).
 25646 | Shoals:1 | 25646 ||| Stepping ~*~*~tactically~*~*~ (cloud).
 25647 | Shoals:1 | 25647 ||| Stepping ~*~*~tactically~*~*~ (cloud).
 25647 | Shoals:1 | HP: 2/114 [frost giant/bolt of cold (35)]
 25648 | Shoals:1 | 25648 ||| READING 11 scrolls of teleportation.
 25649 | Shoals:1 | 25649 ||| DRINKING 2 potions of heal wounds.
 25650 | Shoals:1 | 25650 ||| DRINKING potion of heal wounds.
 25811 | Shoals:1 | Found Darphucurch's Jewellery Shop.
 25820 | Shoals:1 | 25820 ||| BUYING +5 ring of evasion (504 gold).
 25820 | Shoals:1 | Bought a +5 ring of evasion for 504 gold pieces
 25820 | Shoals:1 | 25820 ||| BUYING amulet of reflection (420 gold).
 25820 | Shoals:1 | Bought an amulet of reflection for 420 gold pieces
 25822 | Shoals:1 | 25822 ||| INVOKING Heroism.
 26004 | Shoals:1 | Noticed a tentacled monstrosity
 26005 | Shoals:1 | 26005 ||| INVOKING Heroism.
 26010 | Shoals:1 | Killed a tentacled monstrosity
 26017 | Shoals:1 | Identified the ring of Xisesua {rPois rN+ rCorr Int+6
                  | Stlth-}
 26065 | Shoals:1 | 26065 ||| Stepping ~*~*~tactically~*~*~ (hiding).
 26080 | Shoals:1 | 26080 ||| Stepping ~*~*~tactically~*~*~ (stealth).
 26104 | Shoals:1 | 26104 ||| FLEEEEING.
 26105 | Shoals:1 | 26105 ||| FLEEEEING.
 26106 | Shoals:1 | 26106 ||| FLEEEEING.
 26107 | Shoals:1 | 26107 ||| FLEEEEING.
 26128 | Shoals:1 | 26128 ||| FLEEEEING.
 26330 | Shoals:1 | 26330 ||| DROPPING amulet of regeneration.
 26331 | Shoals:1 | 26331 ||| DROPPING +4 ring of slaying {mikee}.
 26384 | Shoals:2 | Reached skill level 18 in Axes
 26448 | Shoals:2 | 26448 ||| Stepping ~*~*~tactically~*~*~ (hiding).
 26450 | Shoals:2 | 26450 ||| Stepping ~*~*~tactically~*~*~ (hiding).
 26451 | Shoals:2 | 26451 ||| Stepping ~*~*~tactically~*~*~ (hiding).
 26458 | Shoals:2 | 26458 ||| Stepping ~*~*~tactically~*~*~ (hiding).
 26467 | Shoals:2 | Received a gift from Okawaru
 26576 | Shoals:2 | Reached XP level 19. HP: 116/119 MP: 26/26
 26661 | Shoals:2 | 26661 ||| INVOKING Heroism.
 26877 | Shoals:2 | 26877 ||| Stepping ~*~*~tactically~*~*~ (hiding).
 27250 | Shoals:3 | 27250 ||| INVOKING Heroism.
 27283 | Shoals:3 | 27283 ||| INVOKING Heroism.
 27344 | Shoals:3 | 27344 ||| INVOKING Heroism.
 27510 | Shoals:3 | Reached skill level 18 in Shields
 27523 | Shoals:3 | Identified the +5 rapier "Lyts" {holy, rCorr Str+3}
                  | (Okawaru gifted it to you on level 3 of the Shoals)
 27523 | Shoals:3 | Received a gift from Okawaru
 27539 | Shoals:3 | 27539 ||| INVOKING Heroism.
 27540 | Shoals:3 | 27540 ||| INVOKING Finesse.
 27545 | Shoals:3 | Found Mulot's One-of-a-Kind Rings.
 27591 | Shoals:3 | 27591 ||| SHOPLISTING +7 ring of evasion (1056 gold, have
                  | 797).
 27591 | Shoals:3 | 27591 ||| SHOPLISTING +8 ring of strength (880 gold, have
                  | 797).
 27591 | Shoals:3 | 27591 ||| SHOPLISTING ring "Ajegiabi" {Wiz rF+ Int+3 SInv}
                  | (872 gold, have 797).
 27591 | Shoals:3 | 27591 ||| SHOPLISTING ring of Cheibriados's Hope {rN+ Dex+3
                  | Slay+4} (1528 gold, have 797).
 27767 | Shoals:3 | 27767 ||| INVOKING Heroism.
 27974 | Shoals:3 | 27974 ||| PLANNING SPIDER:4
 28154 | Spider:4 | Entered Level 4 of the Spider Nest
 28166 | Spider:4 | 28166 ||| INVOKING Heroism.
 28222 | Spider:4 | 28222 ||| INVOKING Heroism.
 28261 | Spider:4 | 28261 ||| INVOKING Heroism.
 28277 | Spider:4 | 28277 ||| INVOKING Heroism.
 28290 | Spider:4 | Reached skill level 6 in Dodging
 28439 | Spider:4 | 28439 ||| READING scroll of enchant armour.
 28439 | Spider:4 | 28439 ||| ENCHANTING +1 helmet of see invisible.
 28462 | Spider:4 | 28462 ||| Stepping ~*~*~tactically~*~*~ (hiding).
 28652 | Spider:4 | 28652 ||| INVOKING Heroism.
 28704 | Spider:4 | 28704 ||| INVOKING Heroism.
 28728 | Spider:4 | Reached skill level 15 in Fighting
 28739 | Spider:4 | 28739 ||| INVOKING Finesse.
 29050 | Spider:4 | 29050 ||| Stepping ~*~*~tactically~*~*~ (stealth).
 29058 | Spider:4 | 29058 ||| INVOKING Heroism.
 29127 | Spider:4 | 29127 ||| Stepping ~*~*~tactically~*~*~ (stealth).
 29151 | Spider:4 | 29151 ||| Stepping ~*~*~tactically~*~*~ (stealth).
 29166 | Spider:4 | 29166 ||| INVOKING Heroism.
 29242 | Spider:4 | 29242 ||| Stepping ~*~*~tactically~*~*~ (stealth).
 29328 | Spider:4 | 29328 ||| INVOKING Heroism.
 29370 | Spider:4 | Got a gossamer rune of Zot
 29401 | Spider:4 | 29401 ||| PLANNING VAULTS:1-4
 29401 | Spider:4 | 29401 ||| DROPPING scarf of harm.
 29402 | Spider:4 | 29402 ||| DROPPING scarf of harm.
 29403 | Spider:4 | 29403 ||| UPGRADING to scarf of repulsion.
 29784 | Vaults:1 | Entered Level 1 of the Vaults
 29794 | Vaults:1 | 29794 ||| INVOKING Heroism.
 29795 | Vaults:1 | 29795 ||| INVOKING Finesse.
 29867 | Vaults:1 | 29867 ||| INVOKING Heroism.
 29933 | Vaults:1 | 29933 ||| Stepping ~*~*~tactically~*~*~ (hiding).
 29934 | Vaults:1 | 29934 ||| Stepping ~*~*~tactically~*~*~ (hiding).
 29950 | Vaults:1 | 29950 ||| Stepping ~*~*~tactically~*~*~ (hiding).
 29990 | Abyss:2  | Cast into level 2 of the Abyss (a wizard)
 30002 | Abyss:2  | 30002 ||| Stepping ~*~*~tactically~*~*~ (stealth).
 30003 | Abyss:2  | 30003 ||| Stepping ~*~*~tactically~*~*~ (stealth).
 30004 | Abyss:2  | 30004 ||| Stepping ~*~*~tactically~*~*~ (stealth).
 30010 | Abyss:2  | 30010 ||| Stepping ~*~*~tactically~*~*~ (stealth).
 30011 | Abyss:2  | 30011 ||| Stepping ~*~*~tactically~*~*~ (stealth).
 30029 | Abyss:2  | Noticed a bone dragon
 30030 | Abyss:2  | 30030 ||| Stepping ~*~*~tactically~*~*~ (stealth).
 30031 | Abyss:2  | 30031 ||| Stepping ~*~*~tactically~*~*~ (stealth).
 30036 | Vaults:1 | Escaped the Abyss
 30043 | Vaults:1 | 30043 ||| INVOKING Heroism.
 30049 | Vaults:1 | 30049 ||| Stepping ~*~*~tactically~*~*~ (hiding).
 30058 | Vaults:1 | 30058 ||| Stepping ~*~*~tactically~*~*~ (hiding).
 30226 | Vaults:1 | Received a gift from Okawaru
 30418 | Vaults:1 | 30418 ||| Stepping ~*~*~tactically~*~*~ (stealth).
 30426 | Vaults:1 | 30426 ||| INVOKING Heroism.
 30499 | Vaults:1 | Paralysed by a great orb of eyes for 4 turns
 30603 | Vaults:1 | Found Zeubywed's Book Shoppe.
 30744 | Vaults:1 | Reached XP level 20. HP: 128/131 MP: 27/27
 30945 | Vaults:1 | 30945 ||| DROPPING amulet of guardian spirit.
 30946 | Vaults:1 | 30946 ||| DROPPING ring of positive energy.
 30975 | Vaults:2 | Found Jitegh's Distillery.
 30978 | Vaults:2 | 30978 ||| BUYING 2 potions of attraction (114 gold).
 30978 | Vaults:2 | Bought 2 potions of attraction for 114 gold pieces
 30978 | Vaults:2 | 30978 ||| BUYING potion of attraction (57 gold).
 30978 | Vaults:2 | Bought a potion of attraction for 57 gold pieces
 30978 | Vaults:2 | 30978 ||| BUYING potion of curing (57 gold).
 30978 | Vaults:2 | Bought a potion of curing for 57 gold pieces
 30978 | Vaults:2 | 30978 ||| BUYING potion of curing (57 gold).
 30978 | Vaults:2 | Bought a potion of curing for 57 gold pieces
 30978 | Vaults:2 | 30978 ||| BUYING potion of haste (190 gold).
 30978 | Vaults:2 | Bought a potion of haste for 190 gold pieces
 30978 | Vaults:2 | 30978 ||| BUYING potion of magic (152 gold).
 30978 | Vaults:2 | Bought a potion of magic for 152 gold pieces
 30978 | Vaults:2 | 30978 ||| BUYING potion of resistance (190 gold).
 30978 | Vaults:2 | Bought a potion of resistance for 190 gold pieces
 31003 | Vaults:2 | 31003 ||| Stepping ~*~*~tactically~*~*~ (hiding).
 31016 | Vaults:2 | 31016 ||| Stepping ~*~*~tactically~*~*~ (hiding).
 31033 | Vaults:2 | Received a gift from Okawaru
 31116 | Vaults:2 | Reached skill level 15 in Armour
 31119 | Vaults:2 | 31119 ||| INVOKING Heroism.
 31133 | Vaults:2 | Received a gift from Okawaru
 31225 | Vaults:2 | Found a staircase to the Crypt.
 31391 | Vaults:2 | 31391 ||| FLEEEEING.
 31392 | Vaults:2 | 31392 ||| FLEEEEING.
 31393 | Vaults:2 | 31393 ||| Stepping ~*~*~tactically~*~*~ (hiding).
 31531 | Vaults:2 | 31531 ||| INVOKING Heroism.
 31539 | Vaults:2 | Received a gift from Okawaru
 31792 | Vaults:2 | 31792 ||| Stepping ~*~*~tactically~*~*~ (hiding).
 31803 | Vaults:2 | 31803 ||| Stepping ~*~*~tactically~*~*~ (hiding).
 31804 | Vaults:2 | 31804 ||| Stepping ~*~*~tactically~*~*~ (hiding).
 31805 | Vaults:2 | 31805 ||| Stepping ~*~*~tactically~*~*~ (hiding).
 31832 | Vaults:2 | 31832 ||| Stepping ~*~*~tactically~*~*~ (stealth).
 32026 | Vaults:2 | 32026 ||| FLEEEEING.
 32027 | Vaults:2 | 32027 ||| FLEEEEING.
 32028 | Vaults:2 | 32028 ||| FLEEEEING.
 32033 | Vaults:2 | 32033 ||| INVOKING Heroism.
 32229 | Vaults:2 | Reached skill level 9 in Throwing
 32465 | Vaults:3 | Identified the +6 scale mail of Leokum {-Tele rF++ Int+4}
                  | (Okawaru gifted it to you on level 3 of the Vaults)
 32465 | Vaults:3 | Received a gift from Okawaru
 32529 | Vaults:3 | 32529 ||| INVOKING Heroism.
 32530 | Vaults:3 | 32530 ||| INVOKING Finesse.
 32600 | Vaults:3 | 32600 ||| Stepping ~*~*~tactically~*~*~ (hiding).
 32609 | Vaults:3 | 32609 ||| FLEEEEING.
 32610 | Vaults:3 | 32610 ||| FLEEEEING.
 32611 | Vaults:3 | 32611 ||| FLEEEEING.
 32612 | Vaults:3 | 32612 ||| FLEEEEING.
 32613 | Vaults:3 | 32613 ||| FLEEEEING.
 32620 | Vaults:3 | 32620 ||| FLEEEEING.
 32621 | Vaults:3 | 32621 ||| FLEEEEING.
 32622 | Vaults:3 | 32622 ||| FLEEEEING.
 32623 | Vaults:3 | 32623 ||| FLEEEEING.
 32624 | Vaults:3 | 32624 ||| FLEEEEING.
 32625 | Vaults:3 | 32625 ||| FLEEEEING.
 32626 | Vaults:3 | 32626 ||| FLEEEEING.
 32627 | Vaults:3 | 32627 ||| FLEEEEING.
 32628 | Vaults:3 | 32628 ||| FLEEEEING.
 32629 | Vaults:3 | 32629 ||| FLEEEEING.
 32630 | Vaults:3 | 32630 ||| FLEEEEING.
 32631 | Vaults:3 | 32631 ||| FLEEEEING.
 32632 | Vaults:3 | 32632 ||| FLEEEEING.
 32636 | Vaults:3 | 32636 ||| FLEEEEING.
 32637 | Vaults:3 | 32637 ||| FLEEEEING.
 32638 | Vaults:3 | 32638 ||| FLEEEEING.
 32639 | Vaults:3 | 32639 ||| FLEEEEING.
 32640 | Vaults:3 | 32640 ||| FLEEEEING.
 32641 | Vaults:3 | 32641 ||| FLEEEEING.
 32642 | Vaults:3 | 32642 ||| FLEEEEING.
 32643 | Vaults:3 | 32643 ||| FLEEEEING.
 32644 | Vaults:3 | 32644 ||| FLEEEEING.
 32651 | Vaults:3 | 32651 ||| FLEEEEING.
 32652 | Vaults:3 | 32652 ||| STAIRDANCE
 32756 | Vaults:3 | 32756 ||| Stepping ~*~*~tactically~*~*~ (hiding).
 32767 | Vaults:3 | 32767 ||| Stepping ~*~*~tactically~*~*~ (hiding).
 32768 | Vaults:3 | 32768 ||| Stepping ~*~*~tactically~*~*~ (hiding).
 32909 | Vaults:3 | 32909 ||| INVOKING Finesse.
 32910 | Vaults:3 | 32910 ||| Stepping ~*~*~tactically~*~*~ (stealth).
 32965 | Vaults:3 | 32965 ||| Stepping ~*~*~tactically~*~*~ (stealth).
 32967 | Vaults:3 | 32967 ||| Stepping ~*~*~tactically~*~*~ (stealth).
 33031 | Vaults:3 | 33031 ||| FLEEEEING.
 33032 | Vaults:3 | 33032 ||| FLEEEEING.
 33033 | Vaults:3 | 33033 ||| FLEEEEING.
 33034 | Vaults:3 | 33034 ||| FLEEEEING.
 33039 | Vaults:3 | 33039 ||| FLEEEEING.
 33043 | Vaults:3 | 33043 ||| FLEEEEING.
 33044 | Vaults:3 | 33044 ||| FLEEEEING.
 33045 | Vaults:3 | 33045 ||| FLEEEEING.
 33053 | Vaults:3 | 33053 ||| Stepping ~*~*~tactically~*~*~ (hiding).
 33055 | Vaults:3 | 33055 ||| Stepping ~*~*~tactically~*~*~ (hiding).
 33056 | Vaults:3 | 33056 ||| FLEEEEING.
 33057 | Vaults:3 | 33057 ||| Stepping ~*~*~tactically~*~*~ (hiding).
 33067 | Vaults:3 | 33067 ||| INVOKING Heroism.
 33158 | Vaults:3 | 33158 ||| Stepping ~*~*~tactically~*~*~ (hiding).
 33159 | Vaults:3 | 33159 ||| Stepping ~*~*~tactically~*~*~ (hiding).
 33162 | Vaults:3 | 33162 ||| Stepping ~*~*~tactically~*~*~ (hiding).
 33431 | Vaults:3 | 33431 ||| Stepping ~*~*~tactically~*~*~ (stealth).
 33487 | Vaults:3 | 33487 ||| Stepping ~*~*~tactically~*~*~ (stealth).
 33488 | Vaults:3 | 33488 ||| Stepping ~*~*~tactically~*~*~ (stealth).
 33951 | Vaults:3 | 33951 ||| Stepping ~*~*~tactically~*~*~ (stealth).
 33961 | Vaults:3 | 33961 ||| INVOKING Heroism.
 34148 | Vaults:3 | 34148 ||| DROPPING +0 plate armour.
 34169 | Vaults:4 | Reached XP level 21. HP: 139/139 MP: 28/28
 34334 | Vaults:4 | 34334 ||| INVOKING Heroism.
 34474 | Vaults:4 | Identified the +0 kite shield of a volcano {Regen+ Slay-3
                  | Stlth+} (Okawaru gifted it to you on level 4 of the Vaults)
 34474 | Vaults:4 | Received a gift from Okawaru
 34511 | Vaults:4 | 34511 ||| Stepping ~*~*~tactically~*~*~ (stealth).
 34554 | Vaults:4 | Found Puwump's Magic Scroll Shop.
 34561 | Vaults:4 | 34561 ||| BUYING scroll of enchant weapon (112 gold).
 34561 | Vaults:4 | Bought a scroll of enchant weapon for 112 gold pieces
 34561 | Vaults:4 | 34561 ||| BUYING scroll of teleportation (45 gold).
 34561 | Vaults:4 | Bought a scroll of teleportation for 45 gold pieces
 34561 | Vaults:4 | 34561 ||| BUYING scroll of teleportation (45 gold).
 34561 | Vaults:4 | Bought a scroll of teleportation for 45 gold pieces
 34561 | Vaults:4 | 34561 ||| BUYING scroll of teleportation (45 gold).
 34561 | Vaults:4 | Bought a scroll of teleportation for 45 gold pieces
 34598 | Vaults:4 | 34598 ||| Stepping ~*~*~tactically~*~*~ (hiding).
 34601 | Vaults:4 | 34601 ||| Stepping ~*~*~tactically~*~*~ (hiding).
 34816 | Vaults:4 | Reached skill level 18 in Fighting
 34826 | Vaults:4 | 34826 ||| INVOKING Heroism.
 34836 | Vaults:4 | 34836 ||| DRINKING 14 potions of curing.
 34836 | Vaults:4 | 34836 ||| (to cure confusion)
 34864 | Vaults:4 | 34864 ||| Stepping ~*~*~tactically~*~*~ (hiding).
 35358 | Vaults:4 | 35358 ||| INVOKING Heroism.
 35359 | Vaults:4 | 35359 ||| INVOKING Finesse.
 35444 | Vaults:4 | 35444 ||| PLANNING SHOALS:4
 35887 | Shoals:4 | Entered Level 4 of the Shoals
 36309 | Shoals:4 | 36309 ||| Stepping ~*~*~tactically~*~*~ (hiding).
 36395 | Shoals:4 | 36395 ||| Stepping ~*~*~tactically~*~*~ (hiding).
 36479 | Shoals:4 | 36479 ||| Stepping ~*~*~tactically~*~*~ (hiding).
 36506 | Shoals:4 | Identified the -1 helmet of Okawaru's Scorn {Rampage rElec
                  | Int+3 Slay-2} (Okawaru gifted it to you on level 4 of the
                  | Shoals)
 36506 | Shoals:4 | Received a gift from Okawaru
 36557 | Shoals:4 | 36557 ||| Stepping ~*~*~tactically~*~*~ (hiding).
 36558 | Shoals:4 | 36558 ||| Stepping ~*~*~tactically~*~*~ (hiding).
 36559 | Shoals:4 | 36559 ||| Stepping ~*~*~tactically~*~*~ (hiding).
 36590 | Shoals:4 | Found the +4 moon troll leather armour {Spirit, Regen++
                  | MP+5}
 36619 | Shoals:4 | 36619 ||| Stepping ~*~*~tactically~*~*~ (hiding).
 36630 | Shoals:4 | 36630 ||| INVOKING Heroism.
 36631 | Shoals:4 | 36631 ||| INVOKING Finesse.
 36686 | Shoals:4 | Got a barnacled rune of Zot
 36733 | Shoals:4 | 36733 ||| Stepping ~*~*~tactically~*~*~ (hiding).
 36857 | Shoals:4 | Identified the staff of poison "Allocyle" {rElec rPois MP+9
                  | Int-3}
 36866 | Shoals:4 | Found Motonuj's Antique Armour Shop.
 36952 | Shoals:4 | 36952 ||| Stepping ~*~*~tactically~*~*~ (stealth).
 36953 | Shoals:4 | 36953 ||| Stepping ~*~*~tactically~*~*~ (stealth).
 37004 | Shoals:4 | Identified the staff of earth "Bovuecze" {*Slow Str+3 Int+5
                  | Dex+3}
 37071 | Shoals:4 | 37071 ||| PLANNING DEPTHS
 37071 | Shoals:4 | 37071 ||| DROPPING -1 helmet of Okawaru's Scorn {Rampage
                  | rElec Int+3 Slay-2}.
 37072 | Shoals:4 | 37072 ||| DROPPING +3 chain mail of willpower.
 37375 | Depths:1 | Entered Level 1 of the Depths
 37429 | Depths:1 | 37429 ||| Stepping ~*~*~tactically~*~*~ (hiding).
 37504 | Depths:1 | Found a one-way gate leading to the halls of Pandemonium.
 37556 | Depths:1 | 37556 ||| Stepping ~*~*~tactically~*~*~ (stealth).
 37558 | Depths:1 | 37558 ||| Stepping ~*~*~tactically~*~*~ (stealth).
 37559 | Depths:1 | 37559 ||| Stepping ~*~*~tactically~*~*~ (stealth).
 37717 | Depths:1 | 37717 ||| Stepping ~*~*~tactically~*~*~ (hiding).
 37732 | Depths:1 | Found a stormy altar of Qazlal.
 37745 | Depths:1 | Noticed Mara
 37746 | Depths:1 | 37746 ||| Stepping ~*~*~tactically~*~*~ (hiding).
 37751 | Depths:1 | 37751 ||| INVOKING Heroism.
 37752 | Depths:1 | 37752 ||| INVOKING Finesse.
 37764 | Depths:1 | Killed Mara
 37823 | Depths:1 | 37823 ||| Stepping ~*~*~tactically~*~*~ (hiding).
 37824 | Depths:1 | 37824 ||| Stepping ~*~*~tactically~*~*~ (hiding).
 37847 | Depths:1 | 37847 ||| Stepping ~*~*~tactically~*~*~ (hiding).
 37943 | Depths:1 | Reached XP level 22. HP: 148/148 MP: 29/29
 37963 | Depths:1 | 37963 ||| Stepping ~*~*~tactically~*~*~ (hiding).
 37976 | Depths:1 | 37976 ||| Stepping ~*~*~tactically~*~*~ (stealth).
 37978 | Depths:1 | 37978 ||| Stepping ~*~*~tactically~*~*~ (stealth).
 38076 | Depths:1 | Found Habed's Distillery.
 38079 | Depths:1 | 38079 ||| BUYING potion of curing (54 gold).
 38079 | Depths:1 | Bought a potion of curing for 54 gold pieces
 38079 | Depths:1 | 38079 ||| BUYING potion of haste (180 gold).
 38079 | Depths:1 | Bought a potion of haste for 180 gold pieces
 38079 | Depths:1 | 38079 ||| BUYING potion of heal wounds (90 gold).
 38079 | Depths:1 | Bought a potion of heal wounds for 90 gold pieces
 38079 | Depths:1 | 38079 ||| BUYING potion of magic (144 gold).
 38079 | Depths:1 | Bought a potion of magic for 144 gold pieces
 38079 | Depths:1 | 38079 ||| BUYING potion of resistance (180 gold).
 38079 | Depths:1 | Bought a potion of resistance for 180 gold pieces
 38229 | Depths:1 | 38229 ||| INVOKING Heroism.
 38230 | Depths:1 | 38230 ||| INVOKING Finesse.
 38267 | Depths:1 | Found a gateway to Hell.
 38501 | Depths:2 | 38501 ||| INVOKING Heroism.
 38659 | Depths:2 | 38659 ||| Stepping ~*~*~tactically~*~*~ (stealth).
 38735 | Depths:2 | 38735 ||| Stepping ~*~*~tactically~*~*~ (hiding).
 38879 | Depths:2 | 38879 ||| Stepping ~*~*~tactically~*~*~ (hiding).
 38892 | Depths:2 | Found a white marble altar of Elyvilon.
 38913 | Depths:2 | Found a corrupted altar of Lugonu.
 38943 | Depths:2 | Received a gift from Okawaru
 38944 | Depths:2 | Reached skill level 18 in Armour
 38970 | Depths:2 | Found a one-way gateway to a ziggurat.
 38973 | Depths:2 | 38973 ||| Stepping ~*~*~tactically~*~*~ (hiding).
 38974 | Depths:2 | 38974 ||| Stepping ~*~*~tactically~*~*~ (hiding).
 39064 | Depths:2 | Noticed a golden dragon
 39065 | Depths:2 | 39065 ||| INVOKING Heroism.
 39066 | Depths:2 | 39066 ||| INVOKING Finesse.
 39076 | Depths:2 | Killed a golden dragon
 39176 | Depths:2 | 39176 ||| Stepping ~*~*~tactically~*~*~ (stealth).
 39226 | Depths:2 | 39226 ||| INVOKING Heroism.
 39334 | Depths:2 | 39334 ||| INVOKING Heroism.
 39391 | Depths:2 | 39391 ||| INVOKING Heroism.
 39451 | Depths:2 | Reached skill level 9 in Dodging
 39463 | Depths:2 | Identified the +5 rapier "Ylaedadu" {heavy, *Rage *Noise
                  | rElec rCorr}
 39508 | Depths:2 | 39508 ||| Stepping ~*~*~tactically~*~*~ (hiding).
 39529 | Depths:2 | Identified the +2 robe of Pagem {Regen+ Int+3 Dex+4}
 39552 | Depths:2 | 39552 ||| Stepping ~*~*~tactically~*~*~ (stealth).
 39647 | Depths:2 | 39647 ||| Stepping ~*~*~tactically~*~*~ (hiding).
 39681 | Depths:2 | 39681 ||| Stepping ~*~*~tactically~*~*~ (stealth).
 39682 | Depths:2 | 39682 ||| Stepping ~*~*~tactically~*~*~ (stealth).
 39688 | Depths:2 | 39688 ||| INVOKING Heroism.
 39699 | Depths:2 | 39699 ||| INVOKING Finesse.
 39705 | Depths:2 | Received a gift from Okawaru
 39877 | Depths:2 | 39877 ||| DROPPING +2 pair of gloves.
 39878 | Depths:2 | 39878 ||| DROPPING amulet of magic regeneration.
 39892 | Depths:3 | You are sucked into a shaft and drop 1 floor!
 39892 | Depths:4 | Entered Level 4 of the Depths
 39896 | Depths:4 | 39896 ||| INVOKING Finesse.
 39978 | Depths:4 | Found Yrytijugh's Magic Scroll Shop.
 39979 | Depths:4 | 39979 ||| Stepping ~*~*~tactically~*~*~ (hiding).
 40009 | Depths:4 | Received a gift from Okawaru
 40026 | Depths:4 | 40026 ||| BUYING scroll of enchant weapon (135 gold).
 40026 | Depths:4 | Bought a scroll of enchant weapon for 135 gold pieces
 40039 | Depths:4 | 40039 ||| DROPPING +0 cloak.
 40060 | Depths:3 | 40060 ||| INVOKING Heroism.
 40061 | Depths:3 | 40061 ||| INVOKING Finesse.
 40377 | Depths:3 | 40377 ||| Stepping ~*~*~tactically~*~*~ (hiding).
 40379 | Depths:3 | 40379 ||| Stepping ~*~*~tactically~*~*~ (hiding).
 40398 | Depths:3 | 40398 ||| Stepping ~*~*~tactically~*~*~ (hiding).
 40519 | Depths:3 | 40519 ||| Stepping ~*~*~tactically~*~*~ (hiding).
 40523 | Depths:3 | 40523 ||| INVOKING Heroism.
 40553 | Depths:3 | Found Sois's Antique Weapon Shop.
 40564 | Depths:3 | 40564 ||| INVOKING Heroism.
 40610 | Depths:3 | 40610 ||| BUYING glowing war axe (318 gold).
 40610 | Depths:3 | Bought a glowing war axe for 318 gold pieces
 40610 | Depths:3 | 40610 ||| Stepping ~*~*~tactically~*~*~ (hiding).
 40611 | Depths:3 | 40611 ||| Stepping ~*~*~tactically~*~*~ (hiding).
 40626 | Depths:3 | 40626 ||| Stepping ~*~*~tactically~*~*~ (hiding).
 40628 | Depths:3 | 40628 ||| Stepping ~*~*~tactically~*~*~ (hiding).
 40629 | Depths:3 | 40629 ||| Stepping ~*~*~tactically~*~*~ (hiding).
 40631 | Depths:3 | 40631 ||| Stepping ~*~*~tactically~*~*~ (hiding).
 40632 | Depths:3 | 40632 ||| INVOKING Heroism.
 40642 | Depths:3 | 40642 ||| DROPPING +0 heavy war axe.
 40671 | Depths:3 | Noticed a juggernaut
 40672 | Depths:3 | Found a runed translucent door.
 40883 | Depths:3 | Found a shimmering blue altar of Sif Muna.
 41043 | Depths:2 | 41043 ||| Stepping ~*~*~tactically~*~*~ (stealth).
 41292 | Depths:3 | 41292 ||| STAIRDANCE
 41434 | Depths:4 | 41434 ||| INVOKING Heroism.
 41438 | Depths:4 | Reached XP level 23. HP: 156/156 MP: 27/30
 41506 | Depths:4 | Noticed the Enchantress
 41507 | Depths:4 | 41507 ||| INVOKING Heroism.
 41525 | Depths:4 | 41525 ||| DRINKING 15 potions of curing.
 41525 | Depths:4 | 41525 ||| (to cure confusion)
 41533 | Depths:4 | Killed the Enchantress
 41644 | Depths:4 | 41644 ||| Stepping ~*~*~tactically~*~*~ (hiding).
 41746 | Depths:4 | Noticed a caustic shrike
 41747 | Depths:4 | 41747 ||| INVOKING Heroism.
 41747 | Depths:4 | Noticed a caustic shrike
 41748 | Depths:4 | Noticed a caustic shrike
 41748 | Depths:4 | Noticed a caustic shrike
 41748 | Depths:4 | Noticed a caustic shrike
 41755 | Depths:4 | Killed a caustic shrike
 41763 | Depths:4 | Killed a caustic shrike
 41764 | Depths:4 | 41764 ||| INVOKING Finesse.
 41766 | Depths:4 | 41766 ||| READING 17 scrolls of teleportation.
 41768 | Depths:4 | Killed a caustic shrike
 41769 | Depths:4 | Reached skill level 21 in Shields
 41770 | Depths:4 | Killed a caustic shrike
 41774 | Depths:4 | Killed a caustic shrike
 41803 | Depths:4 | 41803 ||| DRINKING potion of cancellation.
 41812 | Depths:4 | 41812 ||| Stepping ~*~*~tactically~*~*~ (hiding).
 41819 | Depths:4 | 41819 ||| INVOKING Heroism.
 41820 | Depths:4 | 41820 ||| INVOKING Finesse.
 41835 | Depths:4 | 41835 ||| Stepping ~*~*~tactically~*~*~ (hiding).
 41845 | Depths:4 | 41845 ||| Stepping ~*~*~tactically~*~*~ (hiding).
 41847 | Depths:4 | 41847 ||| Stepping ~*~*~tactically~*~*~ (hiding).
 41848 | Depths:4 | 41848 ||| Stepping ~*~*~tactically~*~*~ (hiding).
 41849 | Depths:4 | 41849 ||| Stepping ~*~*~tactically~*~*~ (hiding).
 41902 | Depths:4 | Found Qufroze's Distillery.
 41909 | Depths:4 | 41909 ||| INVOKING Heroism.
 41910 | Depths:4 | 41910 ||| Stepping ~*~*~tactically~*~*~ (hiding).
 41928 | Depths:4 | 41928 ||| BUYING potion of attraction (60 gold).
 41928 | Depths:4 | Bought a potion of attraction for 60 gold pieces
 41928 | Depths:4 | 41928 ||| BUYING potion of cancellation (160 gold).
 41928 | Depths:4 | Bought a potion of cancellation for 160 gold pieces
 41928 | Depths:4 | 41928 ||| BUYING potion of heal wounds (100 gold).
 41928 | Depths:4 | Bought a potion of heal wounds for 100 gold pieces
 41928 | Depths:4 | 41928 ||| BUYING potion of might (80 gold).
 41928 | Depths:4 | Bought a potion of might for 80 gold pieces
 41928 | Depths:4 | 41928 ||| BUYING potion of mutation (160 gold).
 41928 | Depths:4 | Bought a potion of mutation for 160 gold pieces
 41941 | Depths:4 | Found Xekag's Antique Armour Shoppe.
 42023 | Depths:4 | Found Bacsueh's Armour Boutique.
 42092 | Depths:4 | Found Yteybamo's Antique Armour Shop.
 42221 | Depths:4 | Found a gate to the Realm of Zot.
 42261 | Depths:4 | 42261 ||| INVOKING Heroism.
 42416 | Depths:4 | 42416 ||| PLANNING VAULTS:5
 42737 | Vaults:5 | Entered Level 5 of the Vaults
 42738 | Vaults:5 | 42738 ||| INVOKING Heroism.
 42748 | Vaults:5 | 42748 ||| INVOKING Finesse.
 42751 | Vaults:5 | Noticed an ancient lich
 42752 | Vaults:5 | Reached skill level 21 in Fighting
 42752 | Vaults:5 | Received a gift from Okawaru
 42776 | Vaults:5 | Killed an ancient lich
 42776 | Vaults:5 | Received a gift from Okawaru
 42777 | Vaults:5 | Reached skill level 12 in Throwing
 42796 | Vaults:5 | 42796 ||| Stepping ~*~*~tactically~*~*~ (hiding).
 42798 | Vaults:5 | 42798 ||| Stepping ~*~*~tactically~*~*~ (hiding).
 42800 | Vaults:5 | 42800 ||| Stepping ~*~*~tactically~*~*~ (hiding).
 42859 | Vaults:5 | 42859 ||| INVOKING Finesse.
 42859 | Vaults:5 | Noticed a dread lich
 42870 | Vaults:5 | 42870 ||| INVOKING Heroism.
 42886 | Vaults:5 | Identified the +9 battleaxe of Plunder {spect, rC+ Str-2
                  | Int+4 Dex+3} (Okawaru gifted it to you on level 5 of the
                  | Vaults)
 42886 | Vaults:5 | Received a gift from Okawaru
 42890 | Vaults:5 | Noticed a golden dragon
 42893 | Vaults:5 | Reached XP level 24. HP: 166/166 MP: 26/30
 42903 | Vaults:5 | Killed a dread lich
 42903 | Vaults:5 | Noticed a dread lich
 42936 | Vaults:5 | Received a gift from Okawaru
 42943 | Vaults:5 | Killed a dread lich
 42947 | Vaults:5 | 42947 ||| INVOKING Heroism.
 42963 | Vaults:5 | Received a gift from Okawaru
 42997 | Vaults:5 | Received a gift from Okawaru
 42998 | Vaults:5 | 42998 ||| FLEEEEING.
 43008 | Vaults:5 | 43008 ||| STAIRDANCE
 43215 | Vaults:5 | 43215 ||| DROPPING +1 broad axe of venom.
 43303 | Vaults:5 | 43303 ||| Stepping ~*~*~tactically~*~*~ (hiding).
 43305 | Vaults:5 | 43305 ||| INVOKING Heroism.
 43415 | Vaults:5 | Identified the +0 leather armour "Guemmy" {Regen+ Str+2
                  | Int+3}
 43606 | Vaults:5 | Got a silver rune of Zot
 43671 | Vaults:5 | Identified the +5 great sword "Orb Guardian's Bane" {heavy,
                  | Drain Int+3 Dex+3}
 43817 | Vaults:5 | Identified the staff of conjuration "Luotypla" {rElec
                  | Dex+2}
 43830 | Vaults:5 | Identified the staff of cold "Otsafumo" {rC+ Str+5 Stlth+}
 43838 | Vaults:5 | Identified the +2 helmet "Peckemin" {+Blink Str+3 Int+7
                  | Dex-2}
 43897 | Vaults:5 | Identified the staff of poison "Miahame" {Fly rPois rF+
                  | rCorr Int-2}
 43911 | Vaults:5 | Identified the ring of Okawaru's Reproof {rF+ rN++ Str+3}
 43926 | Vaults:5 | Identified the +9 hand crossbow "Uzaotog" {heavy, rN+}
 44322 | Vaults:5 | 44322 ||| PLANNING SHOPPING SPREE
 44322 | Vaults:5 | 44322 ||| DROPPING +0 plate armour of fire resistance.
 44323 | Vaults:5 | 44323 ||| DROPPING +1 pearl dragon scales.
 44324 | Vaults:5 | 44324 ||| UPGRADING to +1 crystal plate armour.
 44334 | Vaults:5 | 44334 ||| READING 5 scrolls of enchant armour.
 44334 | Vaults:5 | 44334 ||| ENCHANTING +1 crystal plate armour.
 44335 | Vaults:5 | 44335 ||| DROPPING +0 ice dragon scales.
 44336 | Vaults:5 | 44336 ||| DROPPING +6 scale mail of Leokum {-Tele rF++
                  | Int+4}.
 44337 | Vaults:5 | 44337 ||| READING 4 scrolls of enchant armour.
 44337 | Vaults:5 | 44337 ||| ENCHANTING +2 crystal plate armour.
 44338 | Vaults:5 | 44338 ||| READING 3 scrolls of enchant armour.
 44338 | Vaults:5 | 44338 ||| ENCHANTING +3 crystal plate armour.
 44339 | Vaults:5 | 44339 ||| READING 2 scrolls of enchant armour.
 44339 | Vaults:5 | 44339 ||| ENCHANTING +4 crystal plate armour.
 44340 | Vaults:5 | 44340 ||| READING scroll of enchant armour.
 44340 | Vaults:5 | 44340 ||| ENCHANTING +5 crystal plate armour.
 44341 | Vaults:5 | 44341 ||| DROPPING +4 ring of protection.
 44342 | Vaults:5 | 44342 ||| DROPPING ring of see invisible.
 44790 | Shoals:3 | 44790 ||| BUYING +7 ring of evasion (1056 gold).
 44790 | Shoals:3 | Bought a +7 ring of evasion for 1056 gold pieces
 44790 | Shoals:3 | 44790 ||| DROPPING +5 ring of evasion.
 44791 | Shoals:3 | 44791 ||| UPGRADING to +7 ring of evasion.
 44793 | Shoals:3 | 44793 ||| DROPPING ring of protection from cold.
 44794 | Shoals:3 | 44794 ||| DROPPING ring of fire.
 44795 | Shoals:3 | 44795 ||| UPGRADING to ring "Moabrad" {rC+ rN+ Will+
                  | Dex+5}.
 44797 | Shoals:3 | 44797 ||| CLEARING SHOPPING LIST
 44797 | Shoals:3 | 44797 ||| PLANNING ZOT:1-4
 45134 | Zot:1    | Entered Level 1 of the Realm of Zot
 45277 | Zot:1    | 45277 ||| Stepping ~*~*~tactically~*~*~ (hiding).
 45478 | Zot:1    | Identified the +0 leather armour of the Fiend {Str+3}
 45683 | Zot:1    | Received a gift from Okawaru
 45831 | Zot:1    | 45831 ||| DROPPING +2 cloak of stealth.
 45832 | Zot:1    | 45832 ||| UPGRADING to +2 cloak of willpower.
 45842 | Zot:1    | 45842 ||| DROPPING scarf of repulsion.
 45843 | Zot:1    | 45843 ||| UPGRADING to ring of Okawaru's Reproof {rF+ rN++
                  | Str+3}.
 45846 | Zot:1    | Noticed a Killer Klown
 45847 | Zot:1    | Noticed a Killer Klown
 45851 | Zot:1    | 45851 ||| INVOKING Heroism.
 45852 | Zot:1    | 45852 ||| INVOKING Finesse.
 45883 | Zot:1    | 45883 ||| INVOKING Finesse.
 45889 | Zot:1    | Received a gift from Okawaru
 45892 | Zot:1    | Killed a Killer Klown
 45913 | Zot:1    | 45913 ||| INVOKING Heroism.
 45923 | Zot:1    | Killed a Killer Klown
 46175 | Zot:2    | 46175 ||| INVOKING Heroism.
 46186 | Zot:2    | Reached skill level 21 in Armour
 46199 | Zot:2    | 46199 ||| Stepping ~*~*~tactically~*~*~ (stealth).
 46212 | Zot:2    | Received a gift from Okawaru
 46258 | Zot:2    | Received a gift from Okawaru
 46271 | Zot:2    | 46271 ||| Stepping ~*~*~tactically~*~*~ (stealth).
 46273 | Zot:2    | 46273 ||| Stepping ~*~*~tactically~*~*~ (hiding).
 46276 | Zot:2    | 46276 ||| INVOKING Heroism.
 46416 | Zot:2    | 46416 ||| Stepping ~*~*~tactically~*~*~ (hiding).
 46714 | Zot:2    | Received a gift from Okawaru
 47264 | Zot:3    | Found a transporter.
 47333 | Zot:3    | 47333 ||| Stepping ~*~*~tactically~*~*~ (hiding).
 47334 | Zot:3    | 47334 ||| Stepping ~*~*~tactically~*~*~ (hiding).
 47463 | Zot:3    | Identified the +0 cloak of the Marlin {Rampage} (Okawaru
                  | gifted it to you on level 3 of the Realm of Zot)
 47463 | Zot:3    | Received a gift from Okawaru
 47694 | Zot:3    | Identified the ring "Ruywn" {rF++ rCorr Str+5 Int-4}
 47789 | Zot:3    | 47789 ||| Stepping ~*~*~tactically~*~*~ (hiding).
 48102 | Zot:3    | Found a transporter.
 48181 | Zot:3    | 48181 ||| INVOKING Heroism.
 48192 | Zot:3    | 48192 ||| DRINKING 3 potions of cancellation.
 48275 | Zot:3    | 48275 ||| DROPPING +0 cloak of the Marlin {Rampage}.
 48414 | Zot:3    | 48414 ||| STAIRDANCE
 48417 | Zot:2    | Reached XP level 25. HP: 143/173 MP: 30/30
 48503 | Zot:4    | 48503 ||| INVOKING Heroism.
 48705 | Zot:4    | 48705 ||| Stepping ~*~*~tactically~*~*~ (stealth).
 48706 | Zot:4    | 48706 ||| Stepping ~*~*~tactically~*~*~ (stealth).
 48752 | Zot:4    | 48752 ||| Stepping ~*~*~tactically~*~*~ (stealth).
 48754 | Zot:4    | 48754 ||| Stepping ~*~*~tactically~*~*~ (hiding).
 48812 | Zot:4    | 48812 ||| INVOKING Heroism.
 48818 | Zot:4    | Noticed Parghit
 48819 | Zot:4    | 48819 ||| INVOKING Finesse.
 48842 | Zot:4    | Killed Parghit
 49011 | Zot:4    | 49011 ||| INVOKING Heroism.
 49111 | Zot:4    | Identified the staff of poison "Somm" {*Slow Fly rElec
                  | rPois rF++}
 49265 | Zot:4    | 49265 ||| INVOKING Heroism.
 49319 | Zot:4    | 49319 ||| INVOKING Heroism.
 49525 | Zot:4    | 49525 ||| PLANNING SLIME:5
 49525 | Zot:4    | 49525 ||| DROPPING +1 pair of gloves.
 49526 | Zot:4    | 49526 ||| UPGRADING to +0 acid dragon scales.
 49536 | Zot:4    | 49536 ||| DROPPING +0 plate armour of Rotation {rF+ rC-
                  | Dex+2 Slay+6}.
 49537 | Zot:4    | 49537 ||| UPGRADING to +2 helmet "Peckemin" {+Blink Str+3
                  | Int+7 Dex-2}.
 49547 | Zot:4    | 49547 ||| UPGRADING to +5 ring of evasion.
 49549 | Zot:4    | 49549 ||| UPGRADING to ring "Moabrad" {rC+ rN+ Will+
                  | Dex+5}.
 49991 | Slime:1  | Entered Level 1 of the Pits of Slime
 49993 | Slime:1  | 49993 ||| STAIRDANCE
 49997 | Lair:4   | Received a gift from Okawaru
 50000 | Slime:1  | 50000 ||| STAIRDANCE
 50015 | Slime:1  | 50015 ||| STAIRDANCE
 50111 | Slime:1  | Received a gift from Okawaru
 50280 | Slime:1  | 50280 ||| INVOKING Heroism.
 50326 | Slime:2  | 50326 ||| STAIRDANCE
 50343 | Slime:2  | Received a gift from Okawaru
 50399 | Slime:4  | 50399 ||| STAIRDANCE
 50407 | Slime:4  | 50407 ||| STAIRDANCE
 50412 | Slime:4  | 50412 ||| STAIRDANCE
 50426 | Slime:5  | Entered Level 5 of the Pits of Slime
 50507 | Slime:5  | Gained mutation: You are clumsy. (Dex -2) [a shining eye]
 50519 | Slime:5  | 50519 ||| INVOKING Heroism.
 50526 | Slime:5  | Received a gift from Okawaru
 50703 | Slime:5  | Noticed the Royal Jelly
 50704 | Slime:5  | 50704 ||| INVOKING Heroism.
 50712 | Slime:5  | 50712 ||| INVOKING Finesse.
 50750 | Slime:5  | Found a viscous altar of Jiyva.
 50767 | Slime:5  | 50767 ||| INVOKING Finesse.
 50779 | Slime:5  | Killed the Royal Jelly
 50857 | Slime:5  | Identified the +1 robe "Seila" {+Blink rPois Will-}
 50858 | Slime:5  | Identified the +9 spear "Dof Gun" {flame, Str+3 Int+3}
 50861 | Slime:5  | Identified the +7 sling of Asouxuh {drain, Str+3}
 50864 | Slime:5  | Identified the ring "Arop" {+Blink rPois rCorr Int-2
                  | Slay+3}
 50879 | Slime:5  | Got a slimy rune of Zot
 50884 | Slime:5  | Identified the +5 short sword of Compulsion {pain, SInv}
 50895 | Slime:5  | Identified the +0 helmet of Parlour Games {rF+}
 50906 | Slime:5  | 50906 ||| READING scroll of enchant armour.
 50906 | Slime:5  | 50906 ||| ENCHANTING +0 acid dragon scales.
 50934 | Slime:5  | Identified the +6 lajatang of Arbitration {distort, rCorr
                  | Int+2}
 50975 | Slime:5  | Gained mutation: You are dopey. (Int -2) [a shining eye]
 50977 | Slime:5  | 50977 ||| INVOKING Heroism.
 51277 | Slime:5  | 51277 ||| PLANNING THE SHINING ONE WORSHIP
 51277 | Slime:5  | 51277 ||| UPGRADING to +7 gold dragon scales.
 51287 | Slime:5  | 51287 ||| DROPPING +1 acid dragon scales.
 51288 | Slime:5  | 51288 ||| UPGRADING to +2 helmet of see invisible.
 51298 | Slime:5  | 51298 ||| DROPPING ring "Arop" {+Blink rPois rCorr Int-2
                  | Slay+3}.
 51299 | Slime:5  | 51299 ||| DROPPING ring of Xisesua {rPois rN+ rCorr Int+6
                  | Stlth-}.
 51300 | Slime:5  | 51300 ||| DROPPING ring of resist corrosion.
 51567 | D:6      | 51567 ||| SWAPPING to +1 heavy broad axe.
 51568 | D:6      | 51568 ||| READING 2 scrolls of brand weapon.
 51568 | D:6      | 51568 ||| BRANDING +1 heavy broad axe.
 51569 | D:6      | 51569 ||| DROPPING +0 vampiric war axe.
 51570 | D:6      | 51570 ||| READING scroll of brand weapon.
 51570 | D:6      | 51570 ||| BRANDING +1 broad axe of protection.
 51571 | D:6      | 51571 ||| READING 11 scrolls of enchant weapon.
 51571 | D:6      | 51571 ||| ENCHANTING +1 heavy broad axe.
 51572 | D:6      | 51572 ||| READING 10 scrolls of enchant weapon.
 51572 | D:6      | 51572 ||| ENCHANTING +2 heavy broad axe.
 51573 | D:6      | 51573 ||| READING 9 scrolls of enchant weapon.
 51573 | D:6      | 51573 ||| ENCHANTING +3 heavy broad axe.
 51574 | D:6      | 51574 ||| READING 8 scrolls of enchant weapon.
 51574 | D:6      | 51574 ||| ENCHANTING +4 heavy broad axe.
 51575 | D:6      | 51575 ||| READING 7 scrolls of enchant weapon.
 51575 | D:6      | 51575 ||| ENCHANTING +5 heavy broad axe.
 51576 | D:6      | 51576 ||| READING 6 scrolls of enchant weapon.
 51576 | D:6      | 51576 ||| ENCHANTING +6 heavy broad axe.
 51577 | D:6      | 51577 ||| READING 5 scrolls of enchant weapon.
 51577 | D:6      | 51577 ||| ENCHANTING +7 heavy broad axe.
 51578 | D:6      | 51578 ||| READING 4 scrolls of enchant weapon.
 51578 | D:6      | 51578 ||| ENCHANTING +8 heavy broad axe.
 51579 | D:6      | Fell from the grace of Okawaru
 51579 | D:6      | Became a worshipper of the Shining One
 51579 | D:6      | 51579 ||| PLANNING CRYPT
 51860 | Crypt:1  | Entered Level 1 of the Crypt
 51882 | Crypt:1  | Reached * piety under the Shining One
 51920 | Crypt:1  | 51920 ||| Stepping ~*~*~tactically~*~*~ (stealth).
 51944 | Crypt:1  | Reached ** piety under the Shining One
 51965 | Crypt:1  | 51965 ||| DROPPING +16 obsidian axe {drain, demonic, Mesm
                  | Drain Fly SInv}.
 52006 | Crypt:1  | Reached *** piety under the Shining One
 52035 | Crypt:1  | 52035 ||| INVOKING Cleansing Flame.
 52036 | Crypt:1  | 52036 ||| INVOKING Cleansing Flame.
 52103 | Crypt:1  | 52103 ||| Stepping ~*~*~tactically~*~*~ (stealth).
 52161 | Crypt:1  | 52161 ||| Stepping ~*~*~tactically~*~*~ (hiding).
 52447 | Crypt:1  | Reached **** piety under the Shining One
 52496 | Crypt:1  | Identified the +11 chain mail of Prudence {rF+}
 52511 | Crypt:1  | Reached XP level 26. HP: 184/184 MP: 31/31
 52544 | Crypt:1  | Reached skill level 12 in Invocations
 52591 | Crypt:1  | Reached ***** piety under the Shining One
 52661 | Crypt:1  | 52661 ||| READING scroll of enchant armour.
 52661 | Crypt:1  | 52661 ||| ENCHANTING +7 gold dragon scales.
 52700 | Crypt:1  | 52700 ||| Stepping ~*~*~tactically~*~*~ (stealth).
 53150 | Crypt:1  | 53150 ||| UPGRADING to +2 helmet "Peckemin" {+Blink Str+3
                  | Int+7 Dex-2}.
 53160 | Crypt:1  | 53160 ||| DROPPING +2 helmet of see invisible.
 53195 | Crypt:2  | 53195 ||| Stepping ~*~*~tactically~*~*~ (stealth).
 53200 | Crypt:2  | 53200 ||| Stepping ~*~*~tactically~*~*~ (hiding).
 53255 | Crypt:2  | Reached ****** piety under the Shining One
 53273 | Crypt:2  | 53273 ||| INVOKING Brand Weapon With Holy Wrath.
 53273 | Crypt:2  | Identified a +9 broad axe of holy wrath (a +9 heavy broad
                  | axe blessed by the Shining One)
 53273 | Crypt:2  | Received a gift from the Shining One
 53638 | Crypt:2  | 53638 ||| Stepping ~*~*~tactically~*~*~ (hiding).
 53640 | Crypt:2  | 53640 ||| Stepping ~*~*~tactically~*~*~ (hiding).
 53971 | Crypt:2  | 53971 ||| Stepping ~*~*~tactically~*~*~ (hiding).
 54306 | Crypt:2  | 54306 ||| INVOKING Summon Divine Warrior.
 54308 | Crypt:2  | 54308 ||| INVOKING Cleansing Flame.
 54309 | Crypt:2  | Reached skill level 15 in Invocations
 54389 | Crypt:3  | Entered Level 3 of the Crypt
 54398 | Crypt:3  | 54398 ||| Stepping ~*~*~tactically~*~*~ (hiding).
 54458 | Crypt:3  | 54458 ||| INVOKING Summon Divine Warrior.
 54629 | Crypt:3  | Found a basalt altar of Yredelemnul.
 54885 | Crypt:3  | 54885 ||| Stepping ~*~*~tactically~*~*~ (stealth).
 54937 | Crypt:3  | 54937 ||| Stepping ~*~*~tactically~*~*~ (hiding).
 54938 | Crypt:3  | 54938 ||| Stepping ~*~*~tactically~*~*~ (hiding).
 54941 | Crypt:3  | 54941 ||| Stepping ~*~*~tactically~*~*~ (hiding).
 54946 | Crypt:3  | 54946 ||| Stepping ~*~*~tactically~*~*~ (hiding).
 54960 | Crypt:3  | Identified the staff of conjuration "Fiosmopp" {rC+ MP+9
                  | Str+3 SInv}
 55070 | Crypt:3  | 55070 ||| Stepping ~*~*~tactically~*~*~ (stealth).
 55112 | Crypt:3  | Identified the +2 ring mail of Floral Contentment {-Cast
                  | +Blink rF+}
 55174 | Crypt:3  | 55174 ||| DRINKING 18 potions of curing.
 55174 | Crypt:3  | 55174 ||| (to cure confusion)
 55181 | Crypt:3  | 55181 ||| INVOKING Summon Divine Warrior.
 55183 | Crypt:3  | HP: 41/184 [titan[the fury of Okawaru] (11)]
 55184 | Crypt:3  | 55184 ||| READING 23 scrolls of teleportation.
 55185 | Crypt:3  | 55185 ||| DRINKING 7 potions of heal wounds.
 55186 | Crypt:3  | 55186 ||| DRINKING 6 potions of heal wounds.
 55190 | Crypt:3  | 55190 ||| INVOKING Summon Divine Warrior.
 55193 | Crypt:3  | Noticed Grunn
 55194 | Crypt:3  | 55194 ||| INVOKING Cleansing Flame.
 55195 | Crypt:3  | 55195 ||| INVOKING Cleansing Flame.
 55196 | Crypt:3  | 55196 ||| INVOKING Cleansing Flame.
 55197 | Crypt:3  | 55197 ||| INVOKING Cleansing Flame.
 55201 | Crypt:3  | Killed Grunn
 55528 | Crypt:3  | Noticed a royal mummy
 55533 | Crypt:3  | 55533 ||| INVOKING Cleansing Flame.
 55540 | Crypt:3  | Killed a royal mummy
 55697 | Crypt:3  | Found a staircase to the Tomb.
 55994 | Crypt:3  | 55994 ||| Stepping ~*~*~tactically~*~*~ (hiding).
 56107 | Crypt:3  | Identified the ring "Quunaw Hilu" {Wiz rC++}
 56108 | Crypt:3  | 56108 ||| Stepping ~*~*~tactically~*~*~ (stealth).
 56110 | Crypt:3  | 56110 ||| Stepping ~*~*~tactically~*~*~ (hiding).
 56325 | Crypt:3  | 56325 ||| PLANNING TOMB
 56380 | Tomb:1   | Entered Level 1 of the Tomb of the Ancients
 56469 | Tomb:1   | Reached skill level 18 in Invocations
 56779 | Tomb:1   | 56779 ||| Stepping ~*~*~tactically~*~*~ (hiding).
 56796 | Tomb:1   | Noticed a royal mummy
 56797 | Tomb:1   | 56797 ||| INVOKING Summon Divine Warrior.
 56801 | Tomb:1   | 56801 ||| INVOKING Cleansing Flame.
 56804 | Tomb:1   | Noticed a royal mummy
 56805 | Tomb:1   | 56805 ||| INVOKING Cleansing Flame.
 56806 | Tomb:1   | 56806 ||| INVOKING Cleansing Flame.
 56806 | Tomb:1   | Killed a royal mummy
 56811 | Tomb:1   | Killed a royal mummy
 56812 | Tomb:1   | Reached XP level 27. HP: 152/189 MP: 28/36
 56814 | Tomb:1   | 56814 ||| INVOKING Cleansing Flame.
 57287 | Tomb:1   | 57287 ||| UPGRADING to +0 helmet of Parlour Games {rF+}.
 57297 | Tomb:1   | 57297 ||| Stepping randomly (stuck).
 57308 | Tomb:1   | Gained mutation: You are occasionally teleported next to
                  | monsters. [mutagenic glow]
 57314 | Tomb:1   | 57314 ||| Stepping ~*~*~tactically~*~*~ (cloud).
 57329 | Tomb:1   | Gained mutation: You occasionally shout uncontrollably at
                  | your foes. [mutagenic glow]
 57343 | Tomb:1   | Gained mutation: Your magical capacity is low. (-10% MP)
                  | [mutagenic glow]
 57361 | Tomb:1   | Gained mutation: You are very dopey. (Int -4) [mutagenic
                  | glow]
 57382 | Tomb:1   | Gained mutation: Your magical capacity is very low. (-20%
                  | MP) [mutagenic glow]
 57503 | Tomb:1   | 57503 ||| DRINKING 5 potions of mutation.
 57503 | Tomb:1   | Lost mutation: You are very dopey. (Int -4) [potion of
                  | mutation]
 57503 | Tomb:1   | Lost mutation: You are dopey. (Int -2) [potion of mutation]
 57503 | Tomb:1   | Lost mutation: You are occasionally teleported next to
                  | monsters. [potion of mutation]
 57503 | Tomb:1   | Gained mutation: You are somewhat resistant to further
                  | mutation. [potion of mutation]
 57668 | Tomb:2   | 57668 ||| DRINKING 6 potions of haste.
 57669 | Tomb:2   | 57669 ||| DRINKING 12 potions of attraction.
 57670 | Tomb:2   | 57670 ||| INVOKING Summon Divine Warrior.
 57671 | Tomb:2   | 57671 ||| INVOKING Cleansing Flame.
 57673 | Tomb:2   | 57673 ||| INVOKING Cleansing Flame.
 57673 | Tomb:2   | Noticed a royal mummy
 57673 | Tomb:2   | Noticed a royal mummy
 57675 | Tomb:2   | Noticed a royal mummy
 57676 | Tomb:2   | 57676 ||| INVOKING Cleansing Flame.
 57679 | Tomb:2   | Noticed a royal mummy
 57680 | Tomb:2   | Killed a royal mummy
 57684 | Tomb:2   | 57684 ||| INVOKING Cleansing Flame.
 57686 | Tomb:2   | Killed a royal mummy
 57687 | Tomb:2   | Killed a royal mummy
 57688 | Tomb:2   | 57688 ||| INVOKING Cleansing Flame.
 57689 | Tomb:2   | 57689 ||| INVOKING Cleansing Flame.
 57689 | Tomb:2   | Killed a royal mummy
 57690 | Tomb:2   | 57690 ||| INVOKING Cleansing Flame.
 57691 | Tomb:2   | 57691 ||| INVOKING Cleansing Flame.
 57697 | Tomb:2   | 57697 ||| INVOKING Cleansing Flame.
 57698 | Tomb:2   | 57698 ||| INVOKING Cleansing Flame.
 57888 | Tomb:2   | 57888 ||| INVOKING Cleansing Flame.
 57889 | Tomb:2   | 57889 ||| INVOKING Cleansing Flame.
 58060 | Tomb:2   | 58060 ||| UPGRADING to +2 helmet "Peckemin" {+Blink Str+3
                  | Int+7 Dex-2}.
 58188 | Tomb:1   | Noticed a royal mummy
 58189 | Tomb:1   | 58189 ||| Stepping ~*~*~tactically~*~*~ (stealth).
 58189 | Tomb:1   | Noticed a royal mummy
 58190 | Tomb:1   | 58190 ||| Stepping ~*~*~tactically~*~*~ (hiding).
 58190 | Tomb:1   | Noticed a royal mummy
 58190 | Tomb:1   | Noticed a royal mummy
 58191 | Tomb:1   | 58191 ||| INVOKING Cleansing Flame.
 58192 | Tomb:1   | 58192 ||| INVOKING Summon Divine Warrior.
 58195 | Tomb:1   | Noticed a royal mummy
 58197 | Tomb:1   | Killed a royal mummy
 58197 | Tomb:1   | Noticed a royal mummy
 58199 | Tomb:1   | Noticed a royal mummy
 58199 | Tomb:1   | Noticed a royal mummy
 58199 | Tomb:1   | Noticed a royal mummy
 58200 | Tomb:1   | 58200 ||| INVOKING Cleansing Flame.
 58200 | Tomb:1   | Noticed a royal mummy
 58201 | Tomb:1   | 58201 ||| INVOKING Cleansing Flame.
 58201 | Tomb:1   | Noticed a royal mummy
 58202 | Tomb:1   | 58202 ||| INVOKING Cleansing Flame.
 58203 | Tomb:1   | 58203 ||| INVOKING Cleansing Flame.
 58203 | Tomb:1   | Killed a royal mummy
 58204 | Tomb:1   | 58204 ||| DRINKING 7 potions of magic.
 58205 | Tomb:1   | 58205 ||| INVOKING Cleansing Flame.
 58206 | Tomb:1   | 58206 ||| INVOKING Cleansing Flame.
 58206 | Tomb:1   | Killed a royal mummy
 58207 | Tomb:1   | 58207 ||| INVOKING Cleansing Flame.
 58208 | Tomb:1   | 58208 ||| INVOKING Cleansing Flame.
 58209 | Tomb:1   | 58209 ||| INVOKING Cleansing Flame.
 58210 | Tomb:1   | 58210 ||| INVOKING Cleansing Flame.
 58210 | Tomb:1   | HP: 43/189 [??? (8)]
 58210 | Tomb:1   | HP: 18/189 [royal mummy/divine providence (11)]
 58211 | Tomb:1   | 58211 ||| READING 24 scrolls of teleportation.
 58212 | Tomb:1   | 58212 ||| DRINKING 5 potions of heal wounds.
 58213 | Tomb:1   | 58213 ||| DRINKING 4 potions of heal wounds.
 58214 | Tomb:1   | 58214 ||| DRINKING 3 potions of heal wounds.
 58218 | Tomb:1   | 58218 ||| DRINKING 6 potions of magic.
 58219 | Tomb:1   | 58219 ||| INVOKING Summon Divine Warrior.
 58222 | Tomb:1   | HP: 41/189 [deep elf blademaster/+0 rapier[the fury of
                  | Okawaru] (9)]
 58223 | Tomb:1   | 58223 ||| READING 23 scrolls of teleportation.
 58224 | Tomb:1   | 58224 ||| DRINKING 2 potions of heal wounds.
 58225 | Tomb:1   | 58225 ||| DRINKING potion of heal wounds.
 58555 | Tomb:1   | 58555 ||| INVOKING Summon Divine Warrior.
 58558 | Tomb:1   | Killed a royal mummy
 58559 | Tomb:1   | Reached skill level 21 in Invocations
 58561 | Tomb:1   | Killed a royal mummy
 58562 | Tomb:1   | Noticed a royal mummy
 58562 | Tomb:1   | Noticed a royal mummy
 58563 | Tomb:1   | 58563 ||| INVOKING Cleansing Flame.
 58564 | Tomb:1   | 58564 ||| INVOKING Cleansing Flame.
 58565 | Tomb:1   | 58565 ||| INVOKING Cleansing Flame.
 58566 | Tomb:1   | 58566 ||| INVOKING Cleansing Flame.
 58566 | Tomb:1   | Killed a royal mummy
 58566 | Tomb:1   | Killed a royal mummy
 58567 | Tomb:1   | 58567 ||| INVOKING Cleansing Flame.
 58568 | Tomb:1   | 58568 ||| INVOKING Cleansing Flame.
 58569 | Tomb:1   | 58569 ||| INVOKING Cleansing Flame.
 58570 | Tomb:1   | 58570 ||| INVOKING Cleansing Flame.
 58571 | Tomb:1   | 58571 ||| DRINKING 5 potions of magic.
 58572 | Tomb:1   | 58572 ||| INVOKING Cleansing Flame.
 58572 | Tomb:1   | Killed a royal mummy
 58578 | Tomb:1   | Killed a royal mummy
 58579 | Tomb:1   | 58579 ||| INVOKING Cleansing Flame.
 58580 | Tomb:1   | 58580 ||| INVOKING Cleansing Flame.
 58581 | Tomb:1   | 58581 ||| INVOKING Cleansing Flame.
 58584 | Tomb:1   | 58584 ||| INVOKING Cleansing Flame.
 58585 | Tomb:1   | Killed a royal mummy
 58585 | Tomb:1   | Killed a royal mummy
 58590 | Tomb:1   | HP: 47/189 [royal mummy/divine providence (14)]
 58591 | Tomb:1   | 58591 ||| READING 22 scrolls of teleportation.
 58591 | Tomb:1   | Killed a royal mummy
 58593 | Tomb:1   | Killed a royal mummy
 58692 | Tomb:1   | Was forgiven by Okawaru
 58693 | Tomb:1   | 58693 ||| INVOKING Summon Divine Warrior.
 59113 | Tomb:1   | Noticed a royal mummy
 59114 | Tomb:1   | 59114 ||| INVOKING Summon Divine Warrior.
 59116 | Tomb:1   | 59116 ||| INVOKING Cleansing Flame.
 59117 | Tomb:1   | 59117 ||| INVOKING Cleansing Flame.
 59118 | Tomb:1   | 59118 ||| INVOKING Cleansing Flame.
 59118 | Tomb:1   | Killed a royal mummy
 59273 | Tomb:1   | Noticed a royal mummy
 59274 | Tomb:1   | 59274 ||| Stepping ~*~*~tactically~*~*~ (hiding).
 59276 | Tomb:1   | 59276 ||| Stepping ~*~*~tactically~*~*~ (hiding).
 59277 | Tomb:1   | 59277 ||| Stepping ~*~*~tactically~*~*~ (hiding).
 59282 | Tomb:1   | 59282 ||| INVOKING Summon Divine Warrior.
 59292 | Tomb:1   | 59292 ||| INVOKING Cleansing Flame.
 59293 | Tomb:1   | 59293 ||| INVOKING Cleansing Flame.
 59294 | Tomb:1   | 59294 ||| INVOKING Cleansing Flame.
 59294 | Tomb:1   | Killed a royal mummy
 59309 | Tomb:1   | Noticed a royal mummy
 59310 | Tomb:1   | Noticed a royal mummy
 59311 | Tomb:1   | 59311 ||| INVOKING Cleansing Flame.
 59312 | Tomb:1   | 59312 ||| INVOKING Cleansing Flame.
 59313 | Tomb:1   | 59313 ||| DRINKING 4 potions of magic.
 59318 | Tomb:1   | Killed a royal mummy
 59323 | Tomb:1   | Killed a royal mummy
 59326 | Tomb:1   | 59326 ||| Stepping ~*~*~tactically~*~*~ (hiding).
 59329 | Tomb:1   | 59329 ||| Stepping ~*~*~tactically~*~*~ (hiding).
 59434 | Tomb:1   | Noticed a royal mummy
 59435 | Tomb:1   | Noticed a royal mummy
 59435 | Tomb:1   | Noticed a royal mummy
 59436 | Tomb:1   | Noticed a royal mummy
 59437 | Tomb:1   | 59437 ||| INVOKING Cleansing Flame.
 59441 | Tomb:1   | Killed a royal mummy
 59442 | Tomb:1   | Noticed a royal mummy
 59452 | Tomb:1   | Killed a royal mummy
 59455 | Tomb:1   | Killed a royal mummy
 59456 | Tomb:1   | 59456 ||| INVOKING Cleansing Flame.
 59457 | Tomb:1   | 59457 ||| INVOKING Cleansing Flame.
 59461 | Tomb:1   | Killed a royal mummy
 59462 | Tomb:1   | 59462 ||| INVOKING Cleansing Flame.
 59468 | Tomb:1   | 59468 ||| INVOKING Cleansing Flame.
 59468 | Tomb:1   | HP: 44/189 [emperor scorpion[a royal mummy] (6)]
 59469 | Tomb:1   | 59469 ||| READING 21 scrolls of teleportation.
 59470 | Tomb:1   | 59470 ||| INVOKING Cleansing Flame.
 59471 | Tomb:1   | 59471 ||| READING 20 scrolls of teleportation.
 59830 | Tomb:1   | 59830 ||| Stepping ~*~*~tactically~*~*~ (hiding).
 59831 | Tomb:1   | 59831 ||| Stepping ~*~*~tactically~*~*~ (hiding).
 60013 | Tomb:1   | Killed a royal mummy
 60168 | Tomb:1   | 60168 ||| Stepping ~*~*~tactically~*~*~ (hiding).
 60409 | Tomb:2   | 60409 ||| INVOKING Cleansing Flame.
 60427 | Tomb:2   | 60427 ||| Stepping ~*~*~tactically~*~*~ (hiding).
 60428 | Tomb:2   | 60428 ||| Stepping ~*~*~tactically~*~*~ (hiding).
 60434 | Tomb:2   | 60434 ||| Stepping ~*~*~tactically~*~*~ (hiding).
 60435 | Tomb:2   | 60435 ||| Stepping ~*~*~tactically~*~*~ (hiding).
 60543 | Tomb:3   | Entered Level 3 of the Tomb of the Ancients
 60544 | Tomb:3   | 60544 ||| DRINKING 5 potions of haste.
 60545 | Tomb:3   | 60545 ||| DRINKING 11 potions of attraction.
 60574 | Tomb:3   | Noticed a royal mummy
 60575 | Tomb:3   | 60575 ||| INVOKING Summon Divine Warrior.
 60576 | Tomb:3   | 60576 ||| INVOKING Cleansing Flame.
 60577 | Tomb:3   | 60577 ||| INVOKING Cleansing Flame.
 60578 | Tomb:3   | Identified the +0 ring mail of the Goldsmith {rElec Str+2}
 60579 | Tomb:3   | Killed a royal mummy
 60579 | Tomb:3   | Lost intelligence.
 60585 | Tomb:3   | Noticed a royal mummy
 60595 | Tomb:3   | 60595 ||| INVOKING Cleansing Flame.
 60598 | Tomb:3   | 60598 ||| INVOKING Summon Divine Warrior.
 60601 | Tomb:3   | 60601 ||| INVOKING Cleansing Flame.
 60601 | Tomb:3   | Killed a royal mummy
 60605 | Tomb:3   | 60605 ||| INVOKING Cleansing Flame.
 60606 | Tomb:3   | 60606 ||| INVOKING Cleansing Flame.
 60614 | Tomb:3   | Noticed a royal mummy
 60614 | Tomb:3   | 60614 ||| INVOKING Summon Divine Warrior.
 60616 | Tomb:3   | Noticed a royal mummy
 60625 | Tomb:3   | 60625 ||| INVOKING Cleansing Flame.
 60626 | Tomb:3   | 60626 ||| INVOKING Cleansing Flame.
 60627 | Tomb:3   | 60627 ||| INVOKING Cleansing Flame.
 60628 | Tomb:3   | Reached skill level 24 in Invocations
 60628 | Tomb:3   | 60628 ||| INVOKING Summon Divine Warrior.
 60629 | Tomb:3   | 60629 ||| INVOKING Cleansing Flame.
 60631 | Tomb:3   | 60631 ||| INVOKING Cleansing Flame.
 60632 | Tomb:3   | Killed a royal mummy
 60634 | Tomb:3   | 60634 ||| INVOKING Cleansing Flame.
 60634 | Tomb:3   | Killed a royal mummy
 60635 | Tomb:3   | 60635 ||| INVOKING Cleansing Flame.
 60731 | Tomb:3   | Found the +9 scales of the Dragon King {rPois rF+ rC+
                  | Will+}
 60735 | Tomb:3   | Found the +9 sword of Zonguldrok {reap}
 60762 | Tomb:3   | Identified the scarf of Fun and Games {+Inv, -Cast rF++
                  | Dex+2}
 60764 | Tomb:3   | Identified the +3 glaive "Opaoj" {drain, rN+}
 60766 | Tomb:3   | Identified the ring "Jiuq" {rPois MP+9 Str+5 Dex+3}
 60778 | Tomb:3   | Identified the +7 war axe of the People {pain, rF+}
 60803 | Tomb:3   | Identified the +5 long sword "Wytifumm" {freeze, rPois
                  | Str+2 Int-5}
 60808 | Tomb:3   | Identified the +5 hand axe of Crystal {heavy, rC+ rCorr
                  | Str-4 Int+2}
 60811 | Tomb:3   | Identified the amulet of the Princess {Drain rC+ rN+ Regen+
                  | rCorr}
 60866 | Tomb:3   | Noticed a royal mummy
 60874 | Tomb:3   | 60874 ||| INVOKING Cleansing Flame.
 60879 | Tomb:3   | Killed a royal mummy
 60969 | Tomb:3   | Noticed a royal mummy
 60976 | Tomb:3   | 60976 ||| INVOKING Cleansing Flame.
 60976 | Tomb:3   | Killed a royal mummy
 60993 | Tomb:3   | Noticed a royal mummy
 60996 | Tomb:3   | 60996 ||| INVOKING Cleansing Flame.
 60999 | Tomb:3   | Killed a royal mummy
 61003 | Tomb:3   | 61003 ||| INVOKING Cleansing Flame.
 61023 | Tomb:3   | Noticed a royal mummy
 61031 | Tomb:3   | Killed a royal mummy
 61046 | Tomb:3   | 61046 ||| INVOKING Cleansing Flame.
 61163 | Tomb:3   | Got a golden rune of Zot
 61220 | Tomb:3   | 61220 ||| INVOKING Cleansing Flame.
 61377 | Tomb:3   | Identified the +3 plate armour of the Swan {rF- Str+3 Int+5
                  | Dex+3}
 61408 | Tomb:3   | Identified the +0 hand axe of Eternity {flame, rElec Str+3
                  | Int+8}
 61433 | Tomb:3   | Identified the +0 battleaxe of the Common Good {elec,
                  | rCorr}
 61473 | Tomb:3   | 61473 ||| PLANNING ABYSS
 61473 | Tomb:3   | 61473 ||| DROPPING scarf of repulsion.
 61474 | Tomb:3   | 61474 ||| DROPPING +2 pair of gloves of infusion.
 61556 | Tomb:3   | 61556 ||| DROPPING ring "Jiuq" {rPois MP+9 Str+5 Dex+3}.
 61557 | Tomb:3   | 61557 ||| DROPPING 11 potions of lignification.
 61558 | Tomb:3   | 61558 ||| DROPPING 10 potions of attraction.
 62056 | Depths:1 | Voluntarily entered the Abyss.
 62082 | Abyss:2  | 62082 ||| Stepping ~*~*~tactically~*~*~ (stealth).
 62128 | Abyss:3  | 62128 ||| Stepping ~*~*~tactically~*~*~ (hiding).
 62182 | Abyss:4  | 62182 ||| Stepping ~*~*~tactically~*~*~ (stealth).
 62185 | Abyss:4  | 62185 ||| Stepping ~*~*~tactically~*~*~ (stealth).
 62186 | Abyss:4  | 62186 ||| Stepping ~*~*~tactically~*~*~ (stealth).
 62187 | Abyss:4  | 62187 ||| Stepping ~*~*~tactically~*~*~ (stealth).
 62215 | Abyss:4  | 62215 ||| Stepping ~*~*~tactically~*~*~ (hiding).
 62217 | Abyss:4  | 62217 ||| Stepping ~*~*~tactically~*~*~ (hiding).
 62218 | Abyss:4  | 62218 ||| Stepping ~*~*~tactically~*~*~ (hiding).
 62253 | Abyss:4  | 62253 ||| Stepping ~*~*~tactically~*~*~ (hiding).
 62278 | Abyss:4  | 62278 ||| Stepping ~*~*~tactically~*~*~ (hiding).
 62283 | Abyss:4  | 62283 ||| Stepping ~*~*~tactically~*~*~ (stealth).
 62291 | Abyss:4  | 62291 ||| Stepping ~*~*~tactically~*~*~ (stealth).
 62326 | Abyss:4  | 62326 ||| Stepping ~*~*~tactically~*~*~ (hiding).
 62327 | Abyss:4  | 62327 ||| Stepping ~*~*~tactically~*~*~ (hiding).
 62348 | Abyss:4  | 62348 ||| Stepping ~*~*~tactically~*~*~ (stealth).
 62349 | Abyss:4  | 62349 ||| Stepping ~*~*~tactically~*~*~ (stealth).
 62359 | Abyss:4  | 62359 ||| Stepping ~*~*~tactically~*~*~ (stealth).
 62360 | Abyss:4  | 62360 ||| Stepping ~*~*~tactically~*~*~ (stealth).
 62364 | Abyss:4  | 62364 ||| Stepping ~*~*~tactically~*~*~ (stealth).
 62377 | Abyss:4  | 62377 ||| Stepping ~*~*~tactically~*~*~ (stealth).
 62381 | Abyss:4  | 62381 ||| Stepping ~*~*~tactically~*~*~ (stealth).
 62398 | Abyss:4  | 62398 ||| Stepping ~*~*~tactically~*~*~ (stealth).
 62406 | Abyss:4  | 62406 ||| Stepping ~*~*~tactically~*~*~ (stealth).
 62447 | Abyss:4  | Paralysed by accursed screaming for 1 turns
 62459 | Abyss:4  | Paralysed by accursed screaming for 2 turns
 62488 | Abyss:4  | 62488 ||| Stepping ~*~*~tactically~*~*~ (hiding).
 62489 | Abyss:4  | 62489 ||| Stepping ~*~*~tactically~*~*~ (hiding).
 62513 | Abyss:4  | 62513 ||| INVOKING Cleansing Flame.
 62516 | Abyss:4  | 62516 ||| Stepping ~*~*~tactically~*~*~ (hiding).
 62520 | Abyss:4  | Noticed a dread lich
 62521 | Abyss:4  | 62521 ||| INVOKING Summon Divine Warrior.
 62525 | Abyss:4  | 62525 ||| INVOKING Summon Divine Warrior.
 62528 | Abyss:4  | Killed a dread lich
 62549 | Abyss:4  | Reached skill level 24 in Fighting
 62620 | Abyss:4  | Found a corrupted altar of Lugonu.
 62669 | Abyss:4  | 62669 ||| Stepping ~*~*~tactically~*~*~ (stealth).
 62675 | Abyss:4  | 62675 ||| Stepping ~*~*~tactically~*~*~ (stealth).
 62680 | Abyss:4  | 62680 ||| Stepping ~*~*~tactically~*~*~ (stealth).
 62717 | Abyss:4  | 62717 ||| Stepping ~*~*~tactically~*~*~ (stealth).
 62719 | Abyss:4  | 62719 ||| Stepping ~*~*~tactically~*~*~ (hiding).
 62722 | Abyss:4  | 62722 ||| Stepping ~*~*~tactically~*~*~ (hiding).
 62732 | Abyss:4  | 62732 ||| Stepping ~*~*~tactically~*~*~ (hiding).
 62735 | Abyss:4  | 62735 ||| Stepping ~*~*~tactically~*~*~ (hiding).
 62737 | Abyss:4  | 62737 ||| INVOKING Cleansing Flame.
 62762 | Abyss:4  | 62762 ||| Stepping ~*~*~tactically~*~*~ (hiding).
 62771 | Abyss:4  | 62771 ||| Stepping ~*~*~tactically~*~*~ (hiding).
 62791 | Abyss:4  | 62791 ||| Stepping ~*~*~tactically~*~*~ (hiding).
 62792 | Abyss:4  | 62792 ||| Stepping ~*~*~tactically~*~*~ (hiding).
 62869 | Abyss:4  | 62869 ||| Stepping ~*~*~tactically~*~*~ (stealth).
 62962 | Abyss:4  | 62962 ||| Stepping ~*~*~tactically~*~*~ (hiding).
 62992 | Abyss:4  | Gained mutation: You frequently scream uncontrollably at
                  | your foes. [a shining eye]
 63025 | Abyss:4  | 63025 ||| Stepping ~*~*~tactically~*~*~ (stealth).
 63080 | Abyss:4  | Paralysed by accursed screaming for 1 turns
 63145 | Abyss:4  | 63145 ||| Stepping ~*~*~tactically~*~*~ (stealth).
 63152 | Abyss:4  | 63152 ||| Stepping ~*~*~tactically~*~*~ (stealth).
 63166 | Abyss:4  | 63166 ||| Stepping ~*~*~tactically~*~*~ (stealth).
 63178 | Abyss:4  | 63178 ||| Stepping ~*~*~tactically~*~*~ (stealth).
 63185 | Abyss:4  | 63185 ||| Stepping ~*~*~tactically~*~*~ (hiding).
 63200 | Abyss:4  | 63200 ||| Stepping ~*~*~tactically~*~*~ (hiding).
 63213 | Abyss:4  | 63213 ||| Stepping ~*~*~tactically~*~*~ (hiding).
 63241 | Abyss:4  | Reached skill level 27 in Invocations
 63263 | Abyss:4  | 63263 ||| Stepping ~*~*~tactically~*~*~ (stealth).
 63276 | Abyss:4  | 63276 ||| INVOKING Cleansing Flame.
 63277 | Abyss:4  | 63277 ||| INVOKING Cleansing Flame.
 63315 | Abyss:4  | 63315 ||| FLEEEEING.
 63316 | Abyss:4  | 63316 ||| FLEEEEING.
 63317 | Abyss:4  | 63317 ||| FLEEEEING.
 63320 | Abyss:4  | 63320 ||| FLEEEEING.
 63321 | Abyss:4  | 63321 ||| FLEEEEING.
 63325 | Abyss:4  | 63325 ||| Stepping ~*~*~tactically~*~*~ (stealth).
 63326 | Abyss:4  | 63326 ||| FLEEEEING.
 63327 | Abyss:4  | 63327 ||| Stepping ~*~*~tactically~*~*~ (stealth).
 63328 | Abyss:4  | 63328 ||| FLEEEEING.
 63332 | Abyss:4  | 63332 ||| Stepping ~*~*~tactically~*~*~ (hiding).
 63333 | Abyss:4  | 63333 ||| FLEEEEING.
 63334 | Abyss:4  | 63334 ||| Stepping ~*~*~tactically~*~*~ (hiding).
 63335 | Abyss:4  | 63335 ||| Stepping ~*~*~tactically~*~*~ (hiding).
 63342 | Abyss:4  | 63342 ||| FLEEEEING.
 63344 | Abyss:4  | 63344 ||| Stepping ~*~*~tactically~*~*~ (stealth).
 63345 | Abyss:4  | 63345 ||| FLEEEEING.
 63346 | Abyss:4  | 63346 ||| Stepping ~*~*~tactically~*~*~ (stealth).
 63347 | Abyss:4  | 63347 ||| FLEEEEING.
 63348 | Abyss:4  | 63348 ||| Stepping ~*~*~tactically~*~*~ (stealth).
 63349 | Abyss:4  | 63349 ||| FLEEEEING.
 63350 | Abyss:4  | 63350 ||| Stepping ~*~*~tactically~*~*~ (stealth).
 63351 | Abyss:4  | 63351 ||| FLEEEEING.
 63352 | Abyss:4  | 63352 ||| Stepping ~*~*~tactically~*~*~ (stealth).
 63353 | Abyss:4  | 63353 ||| Stepping ~*~*~tactically~*~*~ (stealth).
 63379 | Abyss:4  | 63379 ||| Stepping ~*~*~tactically~*~*~ (hiding).
 63407 | Abyss:4  | 63407 ||| Stepping ~*~*~tactically~*~*~ (stealth).
 63531 | Abyss:5  | 63531 ||| Stepping ~*~*~tactically~*~*~ (stealth).
 63580 | Abyss:5  | 63580 ||| Stepping ~*~*~tactically~*~*~ (stealth).
 63582 | Abyss:5  | 63582 ||| Stepping ~*~*~tactically~*~*~ (stealth).
 63585 | Abyss:5  | 63585 ||| Stepping ~*~*~tactically~*~*~ (stealth).
 63591 | Abyss:5  | 63591 ||| Stepping ~*~*~tactically~*~*~ (stealth).
 63595 | Abyss:5  | 63595 ||| Stepping ~*~*~tactically~*~*~ (hiding).
 63604 | Abyss:5  | 63604 ||| Stepping ~*~*~tactically~*~*~ (hiding).
 63631 | Abyss:5  | 63631 ||| Stepping ~*~*~tactically~*~*~ (hiding).
 63648 | Abyss:5  | Lost mutation: You are somewhat resistant to further
                  | mutation. [a shining eye]
 63657 | Abyss:5  | Gained mutation: Your flesh is cold resistant. (rC+) [a
                  | shining eye]
 63658 | Abyss:5  | Lost mutation: Your flesh is cold resistant. (rC+) [a
                  | shining eye]
 63678 | Abyss:5  | 63678 ||| Stepping ~*~*~tactically~*~*~ (stealth).
 63679 | Abyss:5  | 63679 ||| FLEEEEING.
 63680 | Abyss:5  | 63680 ||| FLEEEEING.
 63681 | Abyss:5  | 63681 ||| Stepping ~*~*~tactically~*~*~ (hiding).
 63687 | Abyss:5  | 63687 ||| FLEEEEING.
 63689 | Abyss:5  | 63689 ||| Stepping ~*~*~tactically~*~*~ (hiding).
 63690 | Abyss:5  | 63690 ||| Stepping ~*~*~tactically~*~*~ (hiding).
 63700 | Abyss:5  | 63700 ||| Stepping ~*~*~tactically~*~*~ (stealth).
 63714 | Abyss:5  | 63714 ||| Stepping ~*~*~tactically~*~*~ (hiding).
 63722 | Abyss:5  | 63722 ||| Stepping ~*~*~tactically~*~*~ (hiding).
 63733 | Abyss:5  | 63733 ||| Stepping ~*~*~tactically~*~*~ (hiding).
 63734 | Abyss:5  | 63734 ||| FLEEEEING.
 63748 | Abyss:5  | 63748 ||| FLEEEEING.
 63774 | Abyss:5  | 63774 ||| Stepping ~*~*~tactically~*~*~ (stealth).
 63775 | Abyss:5  | 63775 ||| Stepping ~*~*~tactically~*~*~ (stealth).
 63776 | Abyss:5  | 63776 ||| FLEEEEING.
 63777 | Abyss:5  | 63777 ||| Stepping ~*~*~tactically~*~*~ (hiding).
 63811 | Abyss:5  | 63811 ||| FLEEEEING.
 63812 | Abyss:5  | 63812 ||| Stepping ~*~*~tactically~*~*~ (stealth).
 63813 | Abyss:5  | 63813 ||| Stepping ~*~*~tactically~*~*~ (stealth).
 63826 | Abyss:5  | 63826 ||| FLEEEEING.
 63827 | Abyss:5  | 63827 ||| FLEEEEING.
 63837 | Abyss:5  | 63837 ||| INVOKING Cleansing Flame.
 63879 | Abyss:5  | 63879 ||| Stepping ~*~*~tactically~*~*~ (hiding).
 63893 | Abyss:5  | 63893 ||| FLEEEEING.
 63894 | Abyss:5  | 63894 ||| FLEEEEING.
 63897 | Abyss:5  | 63897 ||| Stepping ~*~*~tactically~*~*~ (stealth).
 63901 | Abyss:5  | 63901 ||| Stepping ~*~*~tactically~*~*~ (hiding).
 63910 | Abyss:5  | 63910 ||| Stepping ~*~*~tactically~*~*~ (hiding).
 63928 | Abyss:5  | 63928 ||| Stepping ~*~*~tactically~*~*~ (stealth).
 63929 | Abyss:5  | 63929 ||| Stepping ~*~*~tactically~*~*~ (stealth).
 63930 | Abyss:5  | 63930 ||| Stepping ~*~*~tactically~*~*~ (stealth).
 63954 | Abyss:5  | 63954 ||| Stepping ~*~*~tactically~*~*~ (hiding).
 63979 | Abyss:5  | Paralysed by accursed screaming for 1 turns
 63984 | Abyss:5  | Reached skill level 24 in Armour
 64010 | Abyss:5  | Paralysed by accursed screaming for 1 turns
 64012 | Abyss:5  | 64012 ||| INVOKING Cleansing Flame.
 64013 | Abyss:5  | 64013 ||| INVOKING Summon Divine Warrior.
 64015 | Abyss:5  | Paralysed by accursed screaming for 1 turns
 64022 | Abyss:5  | Paralysed by accursed screaming for 2 turns
 64100 | Abyss:5  | 64100 ||| INVOKING Cleansing Flame.
 64100 | Abyss:5  | HP: 35/192 [wretched star/lance of force (22)]
 64101 | Abyss:5  | 64101 ||| READING 21 scrolls of teleportation.
 64127 | Abyss:5  | 64127 ||| INVOKING Summon Divine Warrior.
 64337 | Abyss:5  | 64337 ||| Stepping ~*~*~tactically~*~*~ (cloud).
 64340 | Abyss:5  | 64340 ||| Stepping ~*~*~tactically~*~*~ (cloud).
 64341 | Abyss:5  | 64341 ||| Stepping ~*~*~tactically~*~*~ (cloud).
 64342 | Abyss:5  | 64342 ||| Stepping ~*~*~tactically~*~*~ (cloud).
 64347 | Abyss:5  | Gained mutation: You occasionally lose the ability to read
                  | scrolls when taking damage. [a neqoxec]
 64380 | Abyss:5  | 64380 ||| INVOKING Summon Divine Warrior.
 64388 | Abyss:5  | 64388 ||| INVOKING Cleansing Flame.
 64417 | Abyss:5  | 64417 ||| DRINKING 4 potions of mutation.
 64417 | Abyss:5  | Lost mutation: You are clumsy. (Dex -2) [potion of
                  | mutation]
 64417 | Abyss:5  | Lost mutation: You frequently scream uncontrollably at your
                  | foes. [potion of mutation]
 64417 | Abyss:5  | Lost mutation: You occasionally lose the ability to read
                  | scrolls when taking damage. [potion of mutation]
 64417 | Abyss:5  | Gained mutation: Your magical capacity is extremely low.
                  | (-30% MP) [potion of mutation]
 64523 | Abyss:5  | Paralysed by accursed screaming for 2 turns
 64526 | Abyss:5  | Gained mutation: You are dopey. (Int -2) [a neqoxec]
 64660 | Abyss:5  | 64660 ||| Stepping ~*~*~tactically~*~*~ (hiding).
 64686 | Abyss:5  | 64686 ||| FLEEEEING.
 64705 | Abyss:5  | 64705 ||| Stepping ~*~*~tactically~*~*~ (stealth).
 64725 | Abyss:5  | 64725 ||| Stepping ~*~*~tactically~*~*~ (hiding).
 64782 | Abyss:5  | 64782 ||| FLEEEEING.
 64784 | Abyss:5  | 64784 ||| FLEEEEING.
 64788 | Abyss:5  | 64788 ||| Stepping ~*~*~tactically~*~*~ (hiding).
 64790 | Abyss:5  | 64790 ||| Stepping ~*~*~tactically~*~*~ (hiding).
 64792 | Abyss:5  | 64792 ||| Stepping ~*~*~tactically~*~*~ (hiding).
 64793 | Abyss:5  | 64793 ||| FLEEEEING.
 64796 | Abyss:5  | 64796 ||| Stepping ~*~*~tactically~*~*~ (hiding).
 64797 | Abyss:5  | 64797 ||| Stepping ~*~*~tactically~*~*~ (hiding).
 64798 | Abyss:5  | 64798 ||| FLEEEEING.
 64804 | Abyss:5  | Reached skill level 27 in Armour
 64843 | Abyss:5  | 64843 ||| INVOKING Summon Divine Warrior.
 64846 | Abyss:5  | 64846 ||| INVOKING Cleansing Flame.
 64847 | Abyss:5  | 64847 ||| INVOKING Cleansing Flame.
 64889 | Abyss:5  | 64889 ||| INVOKING Summon Divine Warrior.
 64953 | Abyss:5  | 64953 ||| Stepping ~*~*~tactically~*~*~ (hiding).
 65102 | Abyss:5  | 65102 ||| Stepping ~*~*~tactically~*~*~ (stealth).
 65123 | Abyss:5  | 65123 ||| Stepping ~*~*~tactically~*~*~ (stealth).
 65124 | Abyss:5  | 65124 ||| Stepping ~*~*~tactically~*~*~ (stealth).
 65134 | Abyss:5  | Noticed a dread lich
 65135 | Abyss:5  | 65135 ||| INVOKING Summon Divine Warrior.
 65143 | Abyss:5  | Killed a dread lich
 65150 | Abyss:5  | 65150 ||| Stepping ~*~*~tactically~*~*~ (hiding).
 65153 | Abyss:5  | Noticed an ancient lich
 65156 | Abyss:5  | 65156 ||| INVOKING Cleansing Flame.
 65157 | Abyss:5  | 65157 ||| INVOKING Cleansing Flame.
 65158 | Abyss:5  | 65158 ||| INVOKING Cleansing Flame.
 65158 | Abyss:5  | Killed an ancient lich
 65282 | Abyss:5  | 65282 ||| INVOKING Summon Divine Warrior.
 65300 | Abyss:5  | 65300 ||| INVOKING Cleansing Flame.
 65323 | Abyss:5  | Reached skill level 1 in Short Blades
 65363 | Abyss:5  | 65363 ||| FLEEEEING.
 65372 | Abyss:5  | 65372 ||| FLEEEEING.
 65395 | Abyss:5  | Reached skill level 3 in Short Blades
 65435 | Abyss:5  | 65435 ||| INVOKING Cleansing Flame.
 65459 | Abyss:5  | Paralysed by accursed screaming for 1 turns
 65473 | Abyss:5  | Reached skill level 27 in Fighting
 65481 | Abyss:5  | 65481 ||| FLEEEEING.
 65526 | Abyss:5  | Found a corrupted altar of Lugonu.
 65569 | Abyss:5  | 65569 ||| Stepping ~*~*~tactically~*~*~ (stealth).
 65576 | Abyss:5  | 65576 ||| Stepping ~*~*~tactically~*~*~ (stealth).
 65587 | Abyss:5  | 65587 ||| Stepping ~*~*~tactically~*~*~ (hiding).
 65591 | Abyss:5  | Gained mutation: You frequently scream uncontrollably at
                  | your foes. [a cacodemon]
 65615 | Abyss:5  | 65615 ||| Stepping ~*~*~tactically~*~*~ (stealth).
 65627 | Abyss:5  | 65627 ||| Stepping ~*~*~tactically~*~*~ (stealth).
 65659 | Abyss:5  | 65659 ||| Stepping ~*~*~tactically~*~*~ (hiding).
 65671 | Abyss:5  | Gained mutation: Your spells are a little easier to cast,
                  | but a little less powerful. [a neqoxec]
 65672 | Abyss:5  | Gained mutation: You are very dopey. (Int -4) [a neqoxec]
 65673 | Abyss:5  | 65673 ||| Stepping ~*~*~tactically~*~*~ (hiding).
 65674 | Abyss:5  | 65674 ||| Stepping ~*~*~tactically~*~*~ (hiding).
 65675 | Abyss:5  | 65675 ||| Stepping ~*~*~tactically~*~*~ (hiding).
 65721 | Abyss:5  | 65721 ||| Stepping ~*~*~tactically~*~*~ (hiding).
 65723 | Abyss:5  | 65723 ||| Stepping ~*~*~tactically~*~*~ (hiding).
 65823 | Abyss:5  | Paralysed by accursed screaming for 1 turns
 65832 | Abyss:5  | Reached skill level 24 in Shields
 65856 | Abyss:5  | 65856 ||| FLEEEEING.
 65857 | Abyss:5  | 65857 ||| FLEEEEING.
 65858 | Abyss:5  | 65858 ||| FLEEEEING.
 65860 | Abyss:5  | 65860 ||| FLEEEEING.
 65872 | Abyss:5  | 65872 ||| INVOKING Summon Divine Warrior.
 65878 | Abyss:5  | 65878 ||| INVOKING Cleansing Flame.
 65883 | Abyss:5  | Gained mutation: You are frail. (-10% HP) [a cacodemon]
 65944 | Abyss:5  | 65944 ||| INVOKING Cleansing Flame.
 65986 | Abyss:5  | 65986 ||| DRINKING 3 potions of mutation.
 65986 | Abyss:5  | Lost mutation: You are frail. (-10% HP) [potion of
                  | mutation]
 65986 | Abyss:5  | Lost mutation: Your magical capacity is extremely low.
                  | (-30% MP) [potion of mutation]
 65986 | Abyss:5  | Lost mutation: Your spells are a little easier to cast, but
                  | a little less powerful. [potion of mutation]
 66131 | Abyss:5  | Paralysed by accursed screaming for 1 turns
 66135 | Abyss:5  | Reached skill level 12 in Dodging
 66138 | Abyss:5  | Paralysed by accursed screaming for 2 turns
 66141 | Abyss:5  | 66141 ||| INVOKING Cleansing Flame.
 66149 | Abyss:5  | Paralysed by accursed screaming for 1 turns
 66163 | Abyss:5  | Paralysed by accursed screaming for 1 turns
 66221 | Abyss:5  | 66221 ||| Stepping ~*~*~tactically~*~*~ (stealth).
 66222 | Abyss:5  | 66222 ||| Stepping ~*~*~tactically~*~*~ (stealth).
 66556 | Abyss:6  | 66556 ||| Stepping ~*~*~tactically~*~*~ (hiding).
 66598 | Abyss:6  | 66598 ||| INVOKING Summon Divine Warrior.
 66616 | Abyss:6  | Noticed a dread lich
 66631 | Abyss:6  | 66631 ||| INVOKING Cleansing Flame.
 66631 | Abyss:6  | Killed a dread lich
 66649 | Abyss:6  | 66649 ||| INVOKING Cleansing Flame.
 66683 | Abyss:6  | 66683 ||| INVOKING Summon Divine Warrior.
 66683 | Abyss:6  | HP: 30/199 [hellion/damnation (21)]
 66684 | Abyss:6  | 66684 ||| READING 20 scrolls of teleportation.
 66684 | Abyss:6  | HP: 4/199 [hellion/damnation (26)]
 66686 | Abyss:6  | Killed from afar by a hellion

Levels and vault maps discovered:
D:1:      tarquinn_simple_flora_water_b, layout_rooms, minmay_domino_4
D:2:      layout_basic, hellmonk_ecumenical_altar_leap_of_faith, basic_altar,
          uniq_sigmund
D:3:      minmay_diamond_boxcup, layout_rooms, lemuel_tele_altar,
          gammafunk_ghost_nasty_kobolds, uniq_jessica
D:4:      layout_basic, kennysheep_vampire_church,
          hellmonk_okawaru_the_only_friend_you_need, temple_statues, uniq_pikel
D:5:      layout_basic, general_overflow_altar, minmay_gold_behind_fungi,
          wad_rectangle_vault, uniq_edmund
D:6:      minmay_recursive_quarters, layout_rooms, tso_oasis_becter,
          mainiacjoe_overflow_boulevard, jmf_multi_god_temple2,
          gammafunk_ghost_smash
D:7:      layout_loops_ring, grunt_ministairs_10, uniq_menkaure
D:8:      layout_basic, dpeg_lair_monsters, dreamdust_wishing_well
D:9:      layout_gridville, trog_three_pillars_becter
D:10:     layout_cave_pods, zombieorc2_lemuel, billiards_dpeg
D:11:     layout_gridville
D:12:     kennysheep_windowed_halls, layout_rooms, nicolae_transporter_circle,
          uniq_nessos
D:13:     layout_cave_pools, lightli_vaults_fourway_checkpoint, uniq_erolcha
D:14:     layout_layer_cave, kennysheep_big_empty_room, lemuel_nasty_fountain
D:15:     grunt_enter_depths_snipers, layout_cave_pools, serial_park_avenue1,
          enter_trove_0, uniq_roxanne, uniq_agnes, uniq_louise
Temple:   nicolae_temple_figure_eight
Lair:1:   layout_cellular_growth, uniq_harold, uniq_fannar, uniq_maggie
Lair:2:   layout_misc_corridors, lemuel_fruit_fields, grunt_megastairs_1,
          serial_bayou_shore_a, uniq_urug
Lair:3:   layout_cave_pods, minmay_shoals_entry_beasts,
          nicolae_spider_entry_tight_spaces, grunt_forest_large_clearings,
          uniq_kirke
Lair:4:   dreamdust_cave_troll, layout_regular_city,
          nicolae_slime_entry_slimehenge
Lair:5:   grunt_lair_end_beastmaster, layout_small_grid,
          gammafunk_ghost_abyssal_escape, hangedman_lair_unloving_vines,
          grunt_megastairs_5
Shoals:1: dreamdust_from_the_deep, layout_shoals,
          minmay_shop_enchanted_jewellery, st_shoals_ruin
Shoals:2: layout_shoals
Shoals:3: layout_shoals, nicolae_shop_unique_rings
Shoals:4: shoals_end_hangedman, layout_shoals, serial_shops, shop
Spider:1: layout_cave_pods
Spider:2: gammafunk_sealed_arena
Spider:3: layout_chambers, nicolae_spider_orb_run, uniq_bai_suzhen, uniq_arachne
Spider:4: guppyfry_spider_rune
Slime:1:  layout_caves, nicolae_slime_phagocytosis
Slime:2:  nicolae_slime_jelly_donut, layout_caves,
          cheibrodos_slime_lost_civilization_6
Slime:3:  layout_caves
Slime:4:  layout_caves
Slime:5
Orc:1:    layout_caves, serial_shops, nicolae_shop_bloodbath_and_beyond,
          uniq_sonja
Orc:2:    grunt_orc_community_town_hall, layout_caves,
          grunt_orc_community_big_house_1, grunt_orc_community_big_house_1,
          grunt_orc_community_house_1, grunt_orc_community_house_2,
          grunt_orc_community_house_1, grunt_orc_community_house_1,
          gammafunk_ghost_grave
Vaults:1: nicolae_vaults_trapezoid_layered, v_misc_9,
          nicolae_vaults_little_squares_5, nicolae_vaults_closet_pinwheel_3,
          nicolae_vaults_wrenched, nicolae_vaults_closet_pinwheel_1, v_misc_31,
          nicolae_vaults_shelves_hall, ontoclasm_vaults_idyll,
          layout_vaults_big_room, serial_shops, nicolae_shop_hallway_plus
Vaults:2: vaults_room_stairs_pillars, nicolae_vaults_swerve,
          nicolae_vaults_little_squares_5, v_misc_10, v_rooms_1,
          ontoclasm_vaults_fault, nicolae_vaults_disjoint_gnomons,
          blue_anna_dwarven_crypt, vaults_room_large_hall,
          hangedman_vaults_stream, hangedman_vaults_stretched_pinwheel,
          nicolae_vaults_tetromino_Z_2, hangedman_vaults_variations,
          layout_vaults_maze_snakey, serial_shops, shop
Vaults:3: nicolae_vaults_back_hallway, dpeg_vaults_hating_casters,
          nicolae_vaults_yaktaur_gun_rack, hangedman_vaults_restitches,
          v_misc_32, v_rooms_2, ontoclasm_vaults_misaligned,
          nicolae_vaults_tetromino_L_1, nicolae_vaults_tetromino_T_2,
          layout_vaults_omnigrid
Vaults:4: v_misc_16, nicolae_vaults_what_the_h, nicolae_vaults_layer_cake_slice,
          v_misc_30, hangedman_vaults_cutoff, vaults_room_boxed,
          ontoclasm_vaults_idyll, nicolae_vaults_house_1,
          nicolae_vaults_tetromino_T_1, vaults_mumra_hex, vaults_room_fours,
          layout_vaults_omnicross, serial_shops,
          nicolae_shop_competitors_out_of_business
Vaults:5
Crypt:1:  layout_regular_city, serial_sigils_hangedman_writhe, st_vampire_maze,
          grunt_crypt_arrival_guarded_gate
Crypt:2:  layout_chaotic_city, grunt_megastairs_4,
          roderic_lattice_octagonal_star
Crypt:3:  evilmike_haunted_forest, uniq_grunn
Tomb:1
Tomb:2
Tomb:3
Depths:1: layout_basic, hangedman_geh_valley,
          nicolae_abyss_entry_one_way_or_another, rand_demon_pan_entry_7,
          amcnicky_mini_pool_small, nicolae_qazlal_general_emergency,
          minmay_shop_star, uniq_mara
Depths:2: vault_1, layout_cross, enter_ziggurat_b, hell_entry, pan_entry,
          nicolae_hexahallways, abyss_entry_flame_altar, elyvilon_altar_5
Depths:3: minmay_gate_of_8, layout_cave_pools, abyss_entry,
          lemuel_blue_sif_altar, hell_entry, serial_shops, shop,
          nicolae_fountain_basement, serial_bayou_shore_b,
          infiniplex_staircase_spiral, firewood_loft
Depths:4: evilmike_zot_entry_round, layout_cave_pools, hell_entry,
          rand_demon_pan_entry_5, serial_shops, shop, shop,
          nicolae_shop_pleasant_corner_grove, shop_coins, shop,
          hangedman_abyss_or_decor_clamps, grunt_ministairs_7, uniq_enchantress
Zot:1:    grunt_zot_stairs_faceoff, layout_gridlike
Zot:2:    layout_concentric_octagons
Zot:3:    gammafunk_the_bubble [the_bubble_gammafunk_grid],
          layout_cathedral_of_symmetry, lemuel_elevator
Zot:4:    layout_basic, hangedman_swamp_dais, uniq_parghit
Abyss:6:  base: Zot:1, base: Slime:4, base: Vaults:3,
          gammafunk_abyss_exit_x_factor, hangedman_abyss_rune_flesh_and_stone,
          evilmike_abyss_exit_9, bh_silent_lugonu_exit

Skill      XL: |  1  2  3  4  5  6  7  8  9 10 11 12 13 14 15 16 17 18 19 20 21 22 23 24 25 26 27 |
---------------+----------------------------------------------------------------------------------+-----
Axes           | 2 3 5 7 8 9 10 11 12 14 16 17 18 20 | 20.0
Dodging        | 3 4 5 6 7 8 9 10 11 12 | 12.4
Fighting       | 4 5 7 8 9 10 11 12 13 15 17 18 20 21 22 23 27 | 27.0
Invocations    | 3 4 8 10 11 18 27 | 27.0
Armour         | 4 5 6 7 9 10 11 12 13 14 16 17 18 20 22 27 | 27.0
Shields        | 4 6 7 8 10 15 17 18 19 20 21 22 24 | 24.4
Throwing       | 1 3 4 7 9 10 11 12 13 | 13.0
Short Blades   | 4 |  4.8

Action                     |  1- 3 |  4- 6 |  7- 9 | 10-12 | 13-15 | 16-18 | 19-21 | 22-24 | 25-27 || total
---------------------------+-------+-------+-------+-------+-------+-------+-------+-------+-------++-------
  Melee: War axe           |    59 |   122 |   202 |   341 |   351 |       |       |       |       ||  1075
         Broad axe         |       |       |       |       |   577 |   830 |  1563 |  1388 |  3831 ||  8189
         Morningstar       |       |       |       |       |    50 |    13 |       |       |       ||    63
  Throw: Javelin           |       |       |       |    34 |    50 |    51 |    63 |    65 |    60 ||   323
         Boomerang         |       |       |       |       |    45 |   104 |    91 |    44 |   617 ||   901
 Invoke: Heroism           |       |       |    13 |    17 |    30 |    25 |    30 |    26 |     9 ||   150
         Finesse           |       |       |       |     2 |     7 |     9 |     8 |    11 |     3 ||    40
         Cleansing Flame   |       |       |       |       |       |       |       |       |   102 ||   102
         Summon Divine War |       |       |       |       |       |       |       |       |    28 ||    28
         Brand Weapon With |       |       |       |       |       |       |       |       |     1 ||     1
    Use: Scroll            |     2 |     5 |     9 |     7 |     9 |     9 |     1 |     6 |    20 ||    68
         Potion            |     1 |     2 |     2 |     1 |     1 |     7 |     1 |     3 |    19 ||    37
   Stab: Distracted        |       |       |     1 |       |     1 |       |       |       |       ||     2
 Armour: Scale mail        |    21 |    60 |    13 |       |       |       |       |       |       ||    94
         Plate armour      |       |       |   124 |   140 |   421 |   279 |   380 |   313 |       ||  1657
         Chain mail        |       |       |     7 |       |       |       |       |       |       ||     7
         Crystal plate arm |       |       |       |       |       |       |       |   185 |   135 ||   320
         Acid dragon scale |       |       |       |       |       |       |       |       |    73 ||    73
         Gold dragon scale |       |       |       |       |       |       |       |       |  1305 ||  1305
  Dodge: Dodged            |    31 |    85 |   120 |   192 |   509 |   272 |   450 |   523 |  1285 ||  3467
         Repelled          |       |       |       |       |       |       |     2 |    14 |       ||    16
  Block: Buckler           |    15 |    40 |    52 |    96 |   218 |       |       |       |       ||   421
         Kite shield       |       |       |       |       |    26 |    60 |       |       |       ||    86
         Tower shield      |       |       |       |       |       |   675 |  1381 |  1211 |  3362 ||  6629

Table legend:
 A = Non-vault XP
 B = Vault XP
 C = Vault XP percentage of total XP
 D = Non-vault monster count
 E = Vault monster count
 F = Vault count percentage of total count
                 A         B        C        D         E       F
            +---------+---------+-------+---------+---------+-------
      Total | 1284769 |  777230 |  37.7 |    2537 |    1030 |  28.9
            +---------+---------+-------+---------+---------+-------
        D:1 |      14 |       5 |  26.3 |       9 |       4 |  30.8
        D:2 |      77 |     226 |  74.6 |      25 |       1 |   3.8
        D:3 |      32 |      64 |  66.7 |      13 |      11 |  45.8
        D:4 |     336 |     739 |  68.7 |      22 |       8 |  26.7
        D:5 |    1624 |     461 |  22.1 |      26 |       7 |  21.2
        D:6 |     915 |     248 |  21.3 |      23 |       5 |  17.9
        D:7 |     740 |     338 |  31.4 |       9 |       5 |  35.7
        D:8 |    1510 |    4085 |  73.0 |      26 |       5 |  16.1
        D:9 |    3529 |       0 |   0.0 |      35 |       0 |   0.0
       D:10 |    1466 |    1124 |  43.4 |      20 |      39 |  66.1
       D:11 |    3548 |       0 |   0.0 |      11 |       0 |   0.0
       D:12 |    5689 |    8808 |  60.8 |      10 |      21 |  67.7
       D:13 |    7843 |    7691 |  49.5 |      14 |      13 |  48.1
       D:14 |   15050 |       0 |   0.0 |      28 |       0 |   0.0
       D:15 |    4404 |    6964 |  61.3 |      14 |       6 |  30.0
     Lair:1 |    6431 |    2172 |  25.2 |      27 |       3 |  10.0
     Lair:2 |    7188 |    1319 |  15.5 |      24 |       3 |  11.1
     Lair:3 |    5894 |    5869 |  49.9 |      25 |      19 |  43.2
     Lair:4 |   10352 |     716 |   6.5 |      30 |       5 |  14.3
     Lair:5 |   19823 |   10040 |  33.6 |      57 |      24 |  29.6
   Shoals:1 |    8555 |   16482 |  65.8 |      16 |      20 |  55.6
   Shoals:2 |   13553 |       0 |   0.0 |      23 |       0 |   0.0
   Shoals:3 |   16578 |       0 |   0.0 |      34 |       0 |   0.0
   Shoals:4 |   21327 |   15514 |  42.1 |      47 |      29 |  38.2
   Spider:1 |   15782 |       0 |   0.0 |      47 |       0 |   0.0
   Spider:2 |   14407 |       0 |   0.0 |      37 |       0 |   0.0
   Spider:3 |   18388 |   10338 |  36.0 |      43 |       9 |  17.3
   Spider:4 |   22404 |   20093 |  47.3 |      46 |      33 |  41.8
    Slime:1 |   10268 |     242 |   2.3 |      19 |       1 |   5.0
    Slime:2 |    5998 |     301 |   4.8 |      10 |       7 |  41.2
    Slime:3 |    6928 |       0 |   0.0 |       8 |       0 |   0.0
    Slime:4 |    1861 |       0 |   0.0 |       5 |       0 |   0.0
    Slime:5 |   15261 |   25452 |  62.5 |      31 |      18 |  36.7
      Orc:1 |    2529 |     788 |  23.8 |      28 |       1 |   3.4
      Orc:2 |     848 |    6905 |  89.1 |       6 |      64 |  91.4
   Vaults:1 |    9814 |   11994 |  55.0 |      18 |      15 |  45.5
   Vaults:2 |   28113 |   17347 |  38.2 |      34 |      24 |  41.4
   Vaults:3 |   25326 |   19507 |  43.5 |      42 |      25 |  37.3
   Vaults:4 |   22886 |   24749 |  52.0 |      37 |      33 |  47.1
   Vaults:5 |   10138 |  111994 |  91.7 |      12 |     102 |  89.5
    Crypt:1 |   34399 |    9042 |  20.8 |      61 |      12 |  16.4
    Crypt:2 |   39227 |    1572 |   3.9 |      57 |       2 |   3.4
    Crypt:3 |       0 |   65120 | 100.0 |       0 |     102 | 100.0
     Tomb:1 |   10362 |  117766 |  91.9 |      36 |      71 |  66.4
     Tomb:2 |   11940 |   29789 |  71.4 |      38 |      43 |  53.1
     Tomb:3 |   18932 |   78470 |  80.6 |      47 |      85 |  64.4
   Depths:1 |   20740 |    9160 |  30.6 |      24 |       8 |  25.0
   Depths:2 |   23282 |   25798 |  52.6 |      32 |      30 |  48.4
   Depths:3 |   34652 |       0 |   0.0 |      51 |       0 |   0.0
   Depths:4 |   43704 |   27864 |  38.9 |      42 |      35 |  45.5
      Zot:1 |    8511 |   18643 |  68.7 |       8 |      14 |  63.6
      Zot:2 |   25389 |    2014 |   7.3 |      23 |       1 |   4.2
      Zot:3 |   27043 |       0 |   0.0 |      25 |       0 |   0.0
      Zot:4 |   30338 |   18574 |  38.0 |      24 |      13 |  35.1
    Abyss:2 |     232 |       0 |   0.0 |       2 |       0 |   0.0
    Abyss:3 |     842 |       0 |   0.0 |       2 |       0 |   0.0
    Abyss:4 |   84014 |   15856 |  15.9 |     164 |      19 |  10.4
    Abyss:5 |  476869 |   10365 |   2.1 |     869 |      10 |   1.1
    Abyss:6 |   26864 |   14622 |  35.2 |      41 |      25 |  37.9
            +---------+---------+-------+---------+---------+-------
